Cogmind - Beta 12 @@@ ROGUE MODE // 2023.04.01 @ 00:13:45 Player: Exp. Geonium Core Result: Self-destructed Performance ------------- Evolutions (7) 3500 Regions Visited (32) 6400 Robots Destroyed (493) 2465 Value Destroyed (23474) 23474 Prototype IDs (104) 2080 Alien Tech Used (8) 1600 Bonus (15907) 15907 TOTAL SCORE: 55426 Bonus ------- Triggered High Security 500 High Alert Combat Kills 5998 Follower Combat Kills 1341 Entered Garrisons 200 Aligned with FarCom 300 Met Data Miner 300 Met Imprinter 300 Was Imprinted 300 Met Warlord at Base 500 MAIN.C Attacked Warlord 500 Warlord Defense Kills 3762 Used Core Reset Matrix 3000 Scanned by Researcher 500 Friendly Fire -1594 Cogmind --------- Core Integrity 26/1300 Matter 34/300 Energy 150/150 System Corruption 35% Temperature Cool (9) Movement Treading (170) Location -3/Section 7 Parts ------- > --- POWER (2) -------- Micro Antimatter Reactor > --- PROPULSION (5) --- Armored Heavy Treads Armored Heavy Treads > --- UTILITY (10) ----- Experimental Coolant Injector Spacefold Activator > --- WEAPON (4) ------- (None) > --- INVENTORY (5) ---- Subatomic Replicator Core Cannon Chain Missile Launcher Peak State ------------ > --- POWER ------------ Vortex Chain Reactor > --- PROPULSION ------- Medium Treads Armored Heavy Treads Improved Heavy Siege Treads > --- UTILITY ---------- Experimental Coolant Injector Huge Storage Unit Improved Signal Interpreter Advanced Salvage Targeting Computer Advanced Targeting Computer Core Analyzer Layered Medium Armor Plating Centrium Medium Armor Plating Advanced Remote Shield Point Defense Array > --- WEAPON ----------- Core Cannon Hypervelocity Railgun > --- INVENTORY -------- Particle Reactor Micro Antimatter Reactor Medium Treads Armored Heavy Treads Advanced Coolant Injector Improved Weapon Cycler Subatomic Replicator Terrabomb Terrabomb Terrabomb Micro-nuke Launcher Micro-nuke Launcher Fusion Bomb Launcher Chain Missile Launcher Improved Plasma Cutter RU-N14's Throwing Claymores v3 Katana [Rating: 164] Favorites ----------- Power Neutrino Core Engine Ion Engine Power Core Neutrino Core Reactor Zionite Heavy DM Reactor Propulsion Armored Treads Treads Armored Treads Leg Enhanced Flexi-carbon Leg Wheel Wheel Hover Unit Antigrav System Flight Unit Cooled Impulse Thruster Utility Advanced Targeting Computer Device Improved Sensor Array Storage Huge Storage Unit Processor Advanced Targeting Computer Hackware Hacking Suite Protection Improved Medium Armor Plating Artifact Spacefold Activator Weapon XL Autogun Subcomponent Energy Gun Zionite Laser-M Energy Cannon Vortex Driver Ballistic Gun XL Autogun Subcomponent Ballistic Cannon Magnetic Acceleration Cannon Launcher Smartbomb Launcher Special Weapon RU-N14's Throwing Claymores Impact Weapon Maul Slashing Weapon Scythe Special Melee Weapon Improved Datajack Build | -11 -10 -10 -9 -9 -9 -8 -8 -8 -8 -7 -7 -7 -7 -6 -6 -6 -6 -6 -5 -5 -5 -5 -5 -4 -4 -4 -4 -4 -3 -3 -3 -3 ------- Run | Jun Mat Min Mat Min Exi Min Mat Gar Mat Fac Low Low Dat Pro Fac Low Low Zio Pro Fac Upp Upp Zhi Pro Fac Upp Upp War Pro Res Qua Sec Slots Evolved 14 | . . . 2 . . . 2 . . 2 . . . . 2 . . . . 2 . . . . 2 . . . . 2 . . Power 1 | . . . . . . . . . . . . . . . . . . . . . . . . . . . . . . 1 . . Propulsion 3 | . . . 1 . . . 1 . . . . . . . . . . . . . . . . . . . . . . 1 . . Utility 8 | . . . 1 . . . 1 . . . . . . . 2 . . . . 2 . . . . 2 . . . . . . . Weapon 2 | . . . . . . . . . . 2 . . . . . . . . . . . . . . . . . . . . . . Parts Attached 362 | . 7 1 8 . . 2 13 14 9 14 3 4 . 17 27 9 11 12 5 22 6 4 5 3 28 6 11 23 3 28 57 10 Power 18 | . . . . . . . 1 1 . . . 1 . 1 . 1 . 1 . 1 1 . 1 . 1 . . . . 1 4 3 Engine 2 | . . . . . . . . . . . . . . . . . . 1 . . . . . . . . . . . . 1 . Core 7 | . . . . . . . 1 1 . . . 1 . 1 . 1 . . . 1 1 . . . . . . . . . . . Reactor 9 | . . . . . . . . . . . . . . . . . . . . . . . 1 . 1 . . . . 1 3 3 Propulsion 61 | . 2 . 2 . . 1 8 4 2 2 1 . . 3 4 . . . . 1 1 1 . . 3 1 . 6 . 3 15 1 Treads 42 | . 2 . 1 . . . 6 4 2 2 1 . . 1 2 . . . . 1 1 1 . . 3 1 . 5 . 2 6 1 Leg 7 | . . . . . . . . . . . . . . 2 2 . . . . . . . . . . . . . . 1 2 . Wheel 8 | . . . 1 . . 1 2 . . . . . . . . . . . . . . . . . . . . . . . 4 . Hover 3 | . . . . . . . . . . . . . . . . . . . . . . . . . . . . . . . 3 . Flight 1 | . . . . . . . . . . . . . . . . . . . . . . . . . . . . 1 . . . . Utility 151 | . 2 . 2 . . . 2 2 3 9 2 3 . 4 16 5 8 4 5 15 3 2 3 3 13 3 5 6 2 14 13 2 Device 70 | . . . . . . . . 1 1 2 2 . . 2 8 3 3 2 2 9 2 1 2 1 7 2 3 4 1 8 4 . Storage 7 | . 2 . . . . . . . 1 . . . . . . 1 . . . . . . 1 . . . . . . . 2 . Processor 17 | . . . 1 . . . 1 . . . . . . 1 5 . . . . 2 1 . . . 1 . . 1 1 . 3 . Hackware 6 | . . . . . . . 1 . . 3 . . . . 1 . . . . 1 . . . . . . . . . . . . Protection 50 | . . . 1 . . . . 1 1 4 . 3 . 1 2 1 5 2 3 3 . 1 . 2 5 1 2 1 . 6 4 1 Artifact 1 | . . . . . . . . . . . . . . . . . . . . . . . . . . . . . . . . 1 Weapon 132 | . 3 1 4 . . 1 2 7 4 3 . . . 9 7 3 3 7 . 5 1 1 1 . 11 2 6 11 1 10 25 4 Energy Gun 14 | . 1 . 2 . . 1 1 3 . . . . . . . . . 1 . . . . . . 2 . . 1 . . 1 1 Energy Cannon 11 | . . . . . . . . . 1 . . . . 2 . . . . . . . . . . . . 1 3 . 1 3 . Ballistic Gun 31 | . . . . . . . . . . 2 . . . 1 . 1 3 4 . 2 . . . . 8 . 2 . . 3 5 . Ballistic Cannon 15 | . . 1 . . . . . 1 . . . . . 3 4 1 . . . 1 . . . . . . 1 2 . . 1 . Launcher 26 | . 2 . 2 . . . 1 2 1 . . . . 1 2 1 . . . . 1 . . . . 1 . 3 . 3 5 1 Special Weapon 23 | . . . . . . . . . . . . . . 2 . . . 1 . . . 1 1 . . 1 1 2 1 3 9 1 Impact Weapon 6 | . . . . . . . . . . 1 . . . . . . . 1 . 2 . . . . 1 . 1 . . . . . Slashing Weapon 5 | . . . . . . . . . 2 . . . . . 1 . . . . . . . . . . . . . . . 1 1 Piercing Weapon . | . . . . . . . . . . . . . . . . . . . . . . . . . . . . . . . . . Special Melee Weapon 1 | . . . . . . . . 1 . . . . . . . . . . . . . . . . . . . . . . . . Unidentified Prototypes 36 | . . . 2 . . . 1 . . . . . . 2 1 . . 3 . . . . 3 . 3 . 1 9 . 7 4 . Corrupted Parts 3 | . . . . . . . . . . . . . . . . . . . . . . . . . . . . 3 . . . . System Corruption 20 | . . . . . . . . . . . . . . . . . . . . . . . . . . . . 20 . . . . Parts Lost 90 | . . 1 1 . . 1 2 . 1 1 . 3 . 6 7 3 2 . . 3 . . . 2 4 1 3 5 1 4 26 13 Power 7 | . . . . . . . . . . . . 1 . . 1 . . . . 1 . . . . . . . . . . 1 3 Propulsion 22 | . . . . . . 1 1 . 1 . . . . 3 1 . . . . . . . . . 1 . . 2 . 1 9 2 Utility 32 | . . . . . . . 1 . . 1 . 2 . 1 1 . 1 . . 2 . . . 2 1 1 1 2 . 3 8 5 Weapon 29 | . . 1 1 . . . . . . . . . . 2 4 3 1 . . . . . . . 2 . 2 1 1 . 8 3 Highest Loss Streak 8 | . . 1 1 . . 1 1 . 1 1 . 2 . 5 3 1 2 . . 1 . . . 1 2 1 2 4 1 2 8 5 To Critical Strikes 3 | . . . . . . . . . . . . . . . . . . . . . . . . . 1 . . 1 . . 1 . Average Slot Usage (%) 82 | . 85 82 89 88 88 87 87 88 86 76 76 75 76 88 91 80 81 84 86 87 83 81 81 81 85 77 81 86 88 80 75 49 Engine 1 | . 14 14 11 11 11 11 3 . . . . . . . . . . 5 6 1 . . . . . . . . . . . . Core 3 | . . . . . . . 5 9 9 7 7 6 7 7 5 2 6 . . 3 4 5 2 . . . . . . . . . Reactor 1 | . . . . . . . . . . . . . . . . . . . . . . . 2 5 5 5 5 5 5 3 3 4 Treads 17 | . 27 28 25 33 33 30 30 36 35 30 30 30 30 19 3 13 13 13 13 11 10 10 11 11 9 9 10 10 21 20 9 11 Leg 1 | . . . . . . . . . . . . . . 2 20 . . . . . . . . . . . . . . 1 1 . Device 7 | . . . . . . . . . 4 1 6 7 7 6 6 8 4 6 3 10 10 10 10 8 8 10 10 8 13 12 15 6 Storage 6 | . 14 14 11 11 11 11 9 9 9 7 7 7 7 7 6 10 6 6 6 5 5 5 5 5 5 5 5 5 5 4 3 3 Processor 16 | . . . 8 11 11 11 13 16 9 7 7 7 7 11 22 20 20 20 20 19 28 29 29 24 26 21 21 21 19 17 16 6 Protection 6 | . . . 7 11 11 11 2 1 8 9 8 6 7 3 . . 5 5 8 8 . . . 5 8 9 10 14 10 6 7 6 Energy Gun 1 | . 13 14 8 . . 1 9 8 4 . . . . . . . . . . . . . . . 1 5 . . . . . . Energy Cannon 2 | . . . . . . . . . 4 . . . . 9 2 . . . . . . . . . . . 4 9 4 . . 2 Ballistic Gun 5 | . 8 . . . . . . . . 6 7 7 7 . . 1 17 20 26 21 7 5 5 . 14 7 1 . . . 2 . Ballistic Cannon 2 | . . 11 1 . . . . . . . . . . 10 11 14 6 . . . . . . . . . 2 1 . . . . Launcher 2 | . 6 . 7 11 11 9 . . . . . . . 2 . 2 . . . . 3 5 5 5 . 2 . 1 2 4 1 1 Special Weapon 1 | . . . . . . . . . . . . . . 2 2 . . . . . . 4 5 11 . . 5 . 4 2 2 . Naked Turns . | . . . . . . . . . . . . . . . . . . . . . . . . . . . . . . . . . Heaviest Build 198 | 14 50 50 55 52 52 56 56 82 122 118 118 118 110 131 128 116 122 114 110 113 111 117 112 120 137 146 160 198 176 170 175 161 Greatest Support 163 | 20 40 40 60 60 60 60 80 88 88 88 80 80 80 80 140 140 140 140 140 140 140 140 140 140 145 145 145 145 101 159 163 163 Greatest Overweight (x) 9 | . 1 1 3 . . 5 2 . 1 1 1 1 1 6 2 1 . . . . 1 1 . . 1 1 1 3 1 1 9 1 Average Overweight (x) . | . . 1 2 . . 1 . . . 1 1 1 1 2 1 . . . . . . . . . . . . 1 1 . 2 . Largest Inventory Capacity 25 | . 20 20 20 20 20 20 20 20 25 25 25 25 25 25 25 25 25 25 25 25 25 25 25 25 25 25 25 25 25 25 25 25 Average Capacity 24 | . 16 20 20 20 20 20 20 20 24 25 25 25 25 25 25 25 25 25 25 25 25 25 25 25 25 25 25 25 25 25 23 24 Most Carried 25 | . 12 17 20 18 20 20 20 20 25 25 25 25 23 25 25 25 25 25 25 25 24 24 25 25 25 22 24 25 25 25 25 18 Average Carried 22 | . 9 16 17 18 19 18 18 19 23 23 24 23 23 23 24 24 23 24 24 23 20 22 24 23 23 19 21 24 23 23 20 14 Final Capacity 25 | 8 20 20 20 20 20 20 20 20 25 25 25 25 25 25 25 25 25 25 25 25 25 25 25 25 25 25 25 25 25 25 25 5 Final Carried 25 | 6 12 17 18 18 20 18 20 20 25 24 25 23 23 23 25 25 23 25 25 24 20 24 25 22 22 20 21 24 25 25 17 5 Class Distribution -------------------- 26% | Mutant 22% | Gunner 18% | Scavenger-Mutant 7% | Assassin 4% | Bomber 3% | Skirmisher 3% | Derelict-Gunner Dominant Class ---------------- Mutant | -10/Materials Mutant | -10/Mines Mutant | -9/Materials Mutant | -9/Mines Mutant | -9/Exiles Mutant | -8/Mines Scavenger-Mutant | -8/Materials Scavenger-Mutant | -8/Garrison Scavenger-Mutant | -8/Materials Bomber | -7/Factory Gunner | -7/Lower Caves Gunner | -7/Lower Caves Gunner | -7/Data Miner Mutant | -6/Proximity Caves Mutant | -6/Factory Mutant | -6/Lower Caves Gunner | -6/Lower Caves Gunner | -6/Zion Gunner | -5/Proximity Caves Gunner | -5/Factory Assassin | -5/Upper Caves Mutant | -5/Upper Caves Mutant | -5/Zhirov Mutant | -4/Proximity Caves Assassin | -4/Factory Messiah-Skirmisher | -4/Upper Caves Skirmisher | -4/Upper Caves Commander-Assassin | -4/Warlord Scavenger-Mutant | -3/Proximity Caves Scavenger-Mutant | -3/Research Scavenger-Mutant | -3/Quarantine Alien-Mutant | -3/Section 7 Resources | -11 -10 -10 -9 -9 -9 -8 -8 -8 -8 -7 -7 -7 -7 -6 -6 -6 -6 -6 -5 -5 -5 -5 -5 -4 -4 -4 -4 -4 -3 -3 -3 -3 ----------- Run | Jun Mat Min Mat Min Exi Min Mat Gar Mat Fac Low Low Dat Pro Fac Low Low Zio Pro Fac Upp Upp Zhi Pro Fac Upp Upp War Pro Res Qua Sec Matter Collected 11073 | 200 18 102 54 25 . 71 488 1 132 924 266 684 . 549 649 750 275 29 296 874 253 102 280 146 947 247 167 280 305 408 1257 294 Remotely 890 | . . . . . . . . . . . . . . . 191 158 31 . . 163 . . . . 253 . . . . 94 . . Salvage Created 16951 | . 36 126 203 43 . 120 941 . 613 1285 104 316 . 520 573 671 389 . 66 1603 239 163 130 327 1505 214 593 678 266 1853 2534 840 Parts 773 | . 10 10 13 4 . 9 52 . 33 53 8 15 . 23 14 34 21 . 2 80 6 31 9 16 95 2 20 22 3 60 99 29 Haulers Intercepted 6 | . . . 1 . . . 1 . . . . . . . . . . . . . . . . . . . 1 . . 2 1 . Recyclers Shooed 16 | . 1 . 1 . . . . . 2 . . . . . 4 . . . . 1 . . . . 1 . . . . 4 2 . Parts Field Recycled . | . . . . . . . . . . . . . . . . . . . . . . . . . . . . . . . . . Retrieved Matter . | . . . . . . . . . . . . . . . . . . . . . . . . . . . . . . . . . Parts Self-Destructed 147 | . . . . . . . . . . . 8 15 . 29 . 22 22 . 17 . 3 . 8 5 . 1 15 . 2 . . . Prevented 8 | . . . . . . . . . . . . . . . . 4 . . 2 . . . . . . . 1 . 1 . . . Kills | -11 -10 -10 -9 -9 -9 -8 -8 -8 -8 -7 -7 -7 -7 -6 -6 -6 -6 -6 -5 -5 -5 -5 -5 -4 -4 -4 -4 -4 -3 -3 -3 -3 ------- Run | Jun Mat Min Mat Min Exi Min Mat Gar Mat Fac Low Low Dat Pro Fac Low Low Zio Pro Fac Upp Upp Zhi Pro Fac Upp Upp War Pro Res Qua Sec Combat Hostiles Destroyed 396 | . 9 5 1 7 . 8 17 . 15 20 2 6 . 11 12 25 11 . 1 26 11 1 . 15 27 7 12 28 12 30 64 13 Melee 6 | . . . . . . . . . . 1 . . . . 3 1 . . . . . . . . . . . . . . 1 . Guns 129 | . . 1 1 . . 1 17 . 10 19 2 6 . 1 . 4 11 . 1 26 . . . . 22 1 1 . . 1 4 . Cannons 60 | . . 1 . . . . . . 4 . . . . 8 9 9 . . . . . . . . . . 3 5 3 12 5 1 AOE 199 | . 9 3 . 7 . 7 . . . . . . . 2 . 11 . . . . 11 1 . 15 5 6 7 23 9 17 54 12 Classes Destroyed 31 | . 1 1 5 1 . . 3 . . 2 . 1 . 3 . 2 1 . . . . 2 . . . . . 4 . 2 3 . Worker 21 | . . . 1 . . 1 . . 1 1 . . . . 1 . . . . 3 . . . . 1 . . . . 7 1 4 Builder 20 | . . . . . . . . . . 1 . . . . . . . . . 6 . . . . 5 . . . . 4 3 1 Tunneler 2 | . . . . 1 . . . . . 1 . . . . . . . . . . . . . . . . . . . . . . Hauler 6 | . . . 1 . . . 1 . . . . . . . . . . . . . . . . . . . 1 . . 2 1 . Recycler 16 | . . . 1 . . . . . . 3 . . . . 2 . . . . . . . . . 1 . . . . 5 2 2 Carrier 2 | . . . . . . . . . . . . . . . . . . . . . . . . . . . . . . . 1 1 Minesweeper 1 | . . . . . . . . . . . . . . . . 1 . . . . . . . . . . . . . . . . Mechanic 3 | . . . . . . . . . . . . . . 1 . . . . . . . . . . . . . . . 1 1 . Operator 4 | . . . 1 . . . . . . 1 . . . . . . . . . . . . . . . . . . . . 1 1 Drone 3 | . . . . . . . . . . . . . . 1 . . . . . . . . . 2 . . . . . . . . Watcher 12 | . . . . . . . 2 . 1 1 . . . . . . . . . 3 . . . . 2 . . . . 1 2 . Swarmer 83 | . 9 3 . 4 . 5 3 . 5 . . . . . . 12 8 . . 6 5 . . 5 10 . . 2 3 3 . . Saboteur 3 | . . . . . . . . . . . . . . . . . . . . . . . . . . . . 1 . . 2 . Grunt 158 | . . 2 . 3 . 3 6 . 7 15 . 4 . 4 10 12 2 . . 9 2 1 . 6 5 6 5 9 5 9 27 6 Brawler 14 | . . . . . . . . . . . . . . 2 . 1 . . . 1 1 . . . 1 . . 1 . 1 5 1 Duelist 12 | . . . . . . . . . . . . . . . . . 1 . . . 2 . . 1 1 1 . . . 2 4 . Protector 7 | . . . . . . . . . . . . . . . . . . . . . . . . . . . . 3 . . 4 . Researcher 5 | . . . . . . . . . . . . . . . . . . . . . . . . . . . . . . . 2 3 Sentry 23 | . . . 1 . . . 6 . 2 2 . . . 2 . . . . . 4 1 . . 1 2 . . . . 2 . . Demolisher 2 | . . . . . . . . . . . . . . . . . . . . . . . . . . . . 2 . . . . Specialist 2 | . . . . . . . . . . . . . . . . . . . . . . . . . . . . . . 2 . . Hunter 29 | . . . . . . . 1 . 1 . 1 1 . 2 . . . . 1 . . . . . . . 4 4 . 4 8 2 Programmer 49 | . . . . . . . . . . 3 1 . . . 1 . . . . 6 . . . . 8 . 2 4 . 7 13 4 Heavy 1 | . . . . . . . 1 . . . . . . . . . . . . . . . . . . . . . . . . . Behemoth 2 | . . . . . . . . . . . . 1 . . 1 . . . . . . . . . . . . . . . . . Striker 2 | . . . . . . . . . . . . . . . . . . . . . . . . . . . . 2 . . . . Alpha 7 1 | . . . . . . . . . . . . . . . . . . . . . . . . . . . . . . . 1 . Z-Light 3 | . . . . . . . . . . . . . . . . . . . . . . . . . . . . . . 3 . . Decomposer 2 | . . . . . . . . . . . . . . . . . . . . . . 1 . . . . 1 . . . . . Samaritan 2 | . . . . . . . . . . . . . . . . . . . . . . 2 . . . . . . . . . . Tinkerer 1 | . . . . . . . . . . . . . . . . 1 . . . . . . . . . . . . . . . . Master Thief 2 | . . . . . . . . . . . . . . . . . . . . . . 1 . . . . 1 . . . . . Thug 4 | . . . . . . . . . . . . . . . . . . . . . . . . . . . . . 4 . . . Martyr 1 | . . . . . . . . . . . . . . . . . . . . . . . . . . . . . . 1 . . Wizard 1 | . . . . . . . . . . . . . . . . . . . . . . 1 . . . . . . . . . . Best Kill Streak 19 | . 6 3 2 5 . 3 5 . 8 3 1 4 . 4 5 6 4 . 1 7 7 1 . 5 12 7 4 15 7 16 19 17 Combat Bots Only 19 | . 6 3 1 4 . 3 5 . 8 2 1 4 . 4 5 6 4 . 1 7 7 1 . 5 9 7 4 15 7 9 19 5 Max Kills in Single Turn 6 | . 3 3 2 3 . 2 1 . 2 1 1 1 . 1 1 3 2 . 1 2 3 2 . 4 6 2 2 5 2 4 4 3 Gunslinging 1 | . . . . . . . . . . . . . . . . . 1 . . 1 . . . . 1 . . . . . . . Exploded 5 | . 3 3 . 2 . 1 . . . . . . . 1 . 2 . . . . 3 1 . 4 3 2 2 5 2 3 4 2 Melee 1 | . . . . . . . . . . 1 . . . . 1 1 . . . . . . . . . . . . . . 1 . Uniques/NPCs Destroyed . | . . . . . . . . . . . . . . . . . . . . . . . . . . . . . . . . . Combat | -11 -10 -10 -9 -9 -9 -8 -8 -8 -8 -7 -7 -7 -7 -6 -6 -6 -6 -6 -5 -5 -5 -5 -5 -4 -4 -4 -4 -4 -3 -3 -3 -3 -------- Run | Jun Mat Min Mat Min Exi Min Mat Gar Mat Fac Low Low Dat Pro Fac Low Low Zio Pro Fac Upp Upp Zhi Pro Fac Upp Upp War Pro Res Qua Sec Damage Taken 22558 | . 164 133 222 102 . 206 594 14 962 727 81 831 . 1026 1536 821 495 . 241 871 152 163 . 91 1388 115 797 1733 249 1424 4437 2983 Core 2154 | . 43 25 24 39 . 41 87 7 19 75 . 54 . 46 252 12 18 . 18 42 . . . . 156 17 47 148 12 125 341 506 Absorbed by Shields 432 | . . . . . . . . . . . . . . . . . . . . . . . . . . . . 191 30 86 67 58 Reduced by Siege Mode 40 | . . . . . . . . . . . . . . . . . . . . . . . . . . . . . . . 40 . Redirected to Shielding 768 | . . . . . . . . . . 121 29 59 . . . . . . 32 81 . . . . 110 . . 74 . 164 98 . Regen/Repaired (Parts) 584 | . . . . . . . . . . . . . . . . . . 133 . . . . . . . . . 451 . . . . Core Remaining (%) 78 | 100 . 72 . . . 74 . . 79 . . . . 75 . . . . 64 . . . . 95 . . . . 66 . . . Volleys Fired 850 | . 6 6 11 8 . 11 . 2 13 62 9 28 . 60 44 40 23 . 12 61 16 23 2 18 48 19 26 41 13 82 138 28 Largest 4 | . 1 2 2 1 . 1 . 1 1 1 1 1 . 2 2 3 3 . 4 4 3 1 1 1 4 3 3 3 1 1 2 1 Hottest 300 | . 30 75 85 33 . 33 . 33 81 60 60 60 . 138 101 146 60 . 80 80 60 46 20 46 133 113 158 290 100 100 300 300 Shots Fired 1461 | . 6 11 14 8 . 13 78 2 53 62 9 28 . 66 72 73 61 . 48 218 30 23 2 18 179 32 38 45 16 82 149 25 Gun 903 | . . 5 11 . . 2 78 . 39 62 9 28 . 5 . 13 61 . 48 218 21 . . . 179 22 15 . . 15 72 . Cannon 294 | . . 5 . . . . . . 14 . . . . 44 72 52 . . . . . . . . . . 12 30 5 30 25 5 Launcher 131 | . 6 1 3 8 . 11 . 2 . . . . . 8 . 8 . . . . 9 3 . 16 . 10 . 5 1 11 15 14 Special 133 | . . . . . . . . . . . . . . 9 . . . . . . . 20 2 2 . . 11 10 10 26 37 6 Kinetic 903 | . . 5 . . . . . . . 62 9 28 . 38 72 65 61 . 48 218 21 . . . 159 13 13 3 . 15 73 . Thermal 222 | . . . . . . 2 78 . 39 . . . . 20 . . . . . . . 20 2 . 20 9 14 . . . 13 5 Explosive 230 | . 6 1 3 8 . 11 . 2 . . . . . 8 . 8 . . . . 9 3 . 18 . 10 11 15 11 37 49 20 Electromagnetic 31 | . . 5 11 . . . . . 14 . . . . . . . . . . . . . . . . . . . . . 1 . Entropic 75 | . . . . . . . . . . . . . . . . . . . . . . . . . . . . 27 5 30 13 . Robot Hit Streak 29 | . 1 4 9 6 . 3 19 . 21 23 7 15 . 12 17 12 8 . 19 29 10 9 11 14 27 4 23 7 12 14 18 10 Robot Miss Streak 6 | . 1 1 3 1 . 4 3 . 1 3 3 4 . 6 4 5 4 . 2 4 5 2 . . 5 2 2 3 . 3 2 3 Penetration Max 1 | . . . . . . . . . . . . . . . . . . . . . . . . . . . . . . 1 1 1 Secondary Targets 13 | . . . . . . . . . . . . . . . . . 3 . . 6 . . . . 4 . . . . . . . Max Gunslinging Chain 1 | . . . . . . . . . . . . . . . . . 1 . . 1 . . . . 1 . . . . . . . Autonomous 120 | . . . . . . 2 78 . 40 . . . . . . . . . . . . . . . . . . . . . . . Shots Hit Robots 1068 | . 1 8 10 5 . 5 67 . 48 54 7 28 . 51 72 64 44 . 37 165 11 19 2 3 117 11 30 32 9 54 99 15 Core Hits 946 | . 8 7 8 11 . 15 27 . 21 43 3 15 . 29 53 50 17 . 11 71 25 13 1 27 67 22 24 62 16 85 177 38 Critical Kills 21 | . . . . . . . . . . . . . . 4 . . . . . 2 . . . . . . 1 . . 1 11 2 Critical Parts Destroyed 33 | . . . . . . . . . . . . . . 6 3 . . . . 1 . . . . . . 1 . . 3 13 6 Critical Strikes 120 | . . . . . . . . . . . . . . 11 9 2 . . . 3 . . . 1 . . 5 15 5 23 37 9 Meltdown 1 | . . . . . . . . . . . . . . . . . . . . . . . . . . . 1 . . . . . Destroy 54 | . . . . . . . . . . . . . . 11 4 . . . . . . . . . . . . . . 6 25 8 Blast 6 | . . . . . . . . . . . . . . . 3 2 . . . . . . . . . . . 1 . . . . Smash 4 | . . . . . . . . . . . . . . . . . . . . 3 . . . . . . 1 . . . . . Sever 28 | . . . . . . . . . . . . . . . 2 . . . . . . . . 1 . . 3 5 3 4 9 1 Sunder 27 | . . . . . . . . . . . . . . . . . . . . . . . . . . . . 9 2 13 3 . Melee Attacks 67 | . . . . . . . . . 1 1 . . . . 18 7 . 1 . 11 . . . . 9 . 2 . . . 14 3 Impact 24 | . . . . . . . . . . 1 . . . . . . . 1 . 11 . . . . 9 . 2 . . . . . Slashing 43 | . . . . . . . . . 1 . . . . . 18 7 . . . . . . . . . . . . . . 14 3 Piercing . | . . . . . . . . . . . . . . . . . . . . . . . . . . . . . . . . . Sneak Attacks 13 | . . . . . . . . . . . . . . . 1 3 . . . 6 . . . . . . 1 . . . . 2 Combat Hostiles . | . . . . . . . . . . . . . . . . . . . . . . . . . . . . . . . . . Follow-up Attacks . | . . . . . . . . . . . . . . . . . . . . . . . . . . . . . . . . . Damage Inflicted 79426 | . 587 245 287 820 . 699 1985 . 1816 3272 270 1692 . 1471 2171 3024 901 . 718 3864 2010 656 40 2282 4160 1503 2776 7102 2947 9568 18058 4502 Guns 17953 | . . 52 177 . . 56 1970 . 1072 3178 270 1692 . 91 . 236 901 . 718 3362 257 . . . 2784 264 262 . . 102 509 . Cannons 12107 | . . 54 . . . . . . 443 . . . . 837 1715 1045 . . . . . . . . . . 405 1892 280 2214 1722 1500 Explosions 43496 | . 582 139 91 796 . 629 . . 206 . . . . 446 53 1400 . . . . 1753 384 . 2202 1376 1239 1683 4839 2315 6442 14261 2660 Melee 1471 | . . . . . . . . . . . . . . . 397 343 . . . 491 . . . . . . 115 . . . . 125 Ramming 391 | . 5 . 19 24 . 14 15 . 95 94 . . . . 6 . . . . 11 . . . . . . . . . . 103 5 Kinetic 17596 | . . 54 . . . . . . . 3178 270 1692 . 640 1715 1281 901 . 718 3362 257 . . . 2285 163 192 226 . 102 560 . Thermal 11845 | . . . 24 . . 56 1970 . 1278 . . . . 385 53 . . . . . . 272 40 . 1875 101 475 . . . 3816 1500 Explosive 38988 | . 582 139 67 796 . 629 . . . . . . . 446 . 1400 . . . . 1753 384 . 2202 . 1239 1683 4839 2315 6442 11412 2660 Electromagnetic 672 | . . 52 177 . . . . . 443 . . . . . . . . . . . . . . . . . . . . . . . Impact 606 | . . . . . . . . . . . . . . . . . . . . 491 . . . . . . 115 . . . . . Slashing 4447 | . . . . . . . . . . . . . . . 397 343 . . . . . . . 80 . . 311 371 352 810 1446 337 Piercing . | . . . . . . . . . . . . . . . . . . . . . . . . . . . . . . . . . Entropic 4881 | . . . . . . . . . . . . . . . . . . . . . . . . . . . . 1666 280 2214 721 . Highest Corruption 35 | . 4 4 . . . . 3 3 3 1 1 . . . 2 1 . . . 2 . . . . 2 2 2 20 20 3 19 35 Average Corruption 8 | . 3 4 . . . . 2 3 3 1 1 . . . 1 1 . . . 1 . . . . 1 1 1 15 20 2 13 22 Corruption Purged 15 | . . . . . . . . . . . 1 . . . 1 1 . . . 2 . . . . . 2 2 . . 3 3 . Corruption Blocked 14 | . . . . . . . . . . . . . . . . . . . . 2 . . . . . . . 12 . . . . Effects 191 | . 4 4 . . . . 2 8 16 6 1 . . . 3 . . . . 2 . . . . . 3 5 4 42 . 62 29 Message Errors 45 | . 1 . . . . . . 3 6 1 1 . . . 1 . . . . . . . . . . . 2 2 10 . 13 5 Matter Fused 43 | . 1 1 . . . . . 1 3 1 . . . . . . . . . 1 . . . . . . 1 2 11 . 15 6 Heat Flow Errors 20 | . . 2 . . . . . . 1 1 . . . . 1 . . . . . . . . . . . . . 7 . 4 4 Energy Discharges 15 | . . 1 . . . . . 1 2 2 . . . . 1 . . . . . . . . . . 1 1 . 2 . 3 1 Parts Rejected 3 | . . . . . . . . . . . . . . . . . . . . . . . . . . 1 . . . . 1 1 Parts Fused 2 | . . . . . . . . . . . . . . . . . . . . . . . . . . . . . 1 . 1 . Data Loss (minor) 25 | . 1 . . . . . 1 2 3 . . . . . . . . . . . . . . . . 1 . . 6 . 8 3 Data Loss (major) 15 | . 1 . . . . . 1 1 . . . . . . . . . . . . . . . . . . . . 1 . 9 2 Misfires 7 | . . . . . . . . . 1 . . . . . . . . . . . . . . . . . . . 3 . 3 . Alerts 4 | . . . . . . . . . . 1 . . . . . . . . . . . . . . . . . . 1 . . 2 Misdirections 6 | . . . . . . . . . . . . . . . . . . . . . . . . . . . . . . . 4 2 Weapon Failures 6 | . . . . . . . . . . . . . . . . . . . . 1 . . . . . . 1 . . . 1 3 Overload Shots . | . . . . . . . . . . . . . . . . . . . . . . . . . . . . . . . . . Overflow Damage 3626 | . 34 20 6 41 . 53 . . 8 . . . . 35 35 132 . . . 212 207 53 . 71 108 15 169 185 178 685 867 512 Projectiles 1396 | . . . . . . . . . 8 . . . . 27 1 44 . . . . . 44 . . . . 19 74 84 443 257 395 Explosions 1803 | . 34 20 6 41 . 53 . . . . . . . 8 . 21 . . . . 207 9 . 71 108 15 62 111 94 242 610 91 Melee 427 | . . . . . . . . . . . . . . . 34 67 . . . 212 . . . . . . 88 . . . . 26 Knockbacks 40 | . . . 1 . . 1 . . . . . . . 3 13 15 . . . 1 . . . . . . 1 2 . . 3 . Impact 7 | . . . 1 . . 1 . . . . . . . . 1 . . . . 1 . . . . . . 1 . . . 2 . Kinetic 32 | . . . . . . . . . . . . . . 3 11 15 . . . . . . . . . . . 2 . . 1 . Secondary 1 | . . . . . . . . . . . . . . . 1 . . . . . . . . . . . . . . . . . Self-Inflicted Damage 993 | . 66 39 48 . . 58 . 14 112 . . . . . . 3 . . . . . 153 . 49 59 . . . 66 64 . 262 Shots 23 | . 4 1 1 . . 3 . 1 1 . . . . . . 1 . . . . . 2 . 1 1 . . . 1 1 . 5 Rammed 54 | . 1 . 1 3 . 2 1 . 18 9 . . . . . . . . . 1 . . . . . . . . . . 17 1 Targets Rammed 65 | . 1 . 1 3 . 2 2 . 18 12 . . . . 3 . . . . 2 . . . . . . . . . . 20 1 Kicked 5 | . . . . . . . . . . . . . . . 3 . . . . . . . . . . . . . . . 2 . Crushed 6 | . . . . . . . 1 . . 3 . . . . . . . . . 1 . . . . . . . . . . 1 . Highest Temperature 416 | . . 169 416 40 . 30 17 . 195 222 136 246 . 400 204 286 254 . 160 103 44 . . . 198 153 197 204 196 224 187 196 Average Temperature 78 | . . 67 111 21 . 17 17 . 81 72 50 109 . 105 50 79 105 . 67 33 21 . . . 89 59 78 98 61 43 76 89 Received Heat Transfer 3549 | . . 75 36 66 . 54 198 . 396 348 . 231 . 228 633 192 117 . 12 147 33 . . . 66 45 179 49 27 59 214 144 Effects 1 | . . . . . . . . . . . . . . . 1 . . . . . . . . . . . . . . . . . Energy Bleed 1 | . . . . . . . . . . . . . . . 1 . . . . . . . . . . . . . . . . . Siege Activations 2 | . . . . . . . . . . . . . . . . . . . . . . . . . 1 . . . . . 1 . Total Turns 25 | . . . . . . . . . . . . . . . . . . . . . . . . . 8 . . . . . 17 . Longest Duration 17 | . . . . . . . . . . . . . . . . . . . . . . . . . 8 . . . . . 17 . Robots Corrupted 1 | . . . . . . . . . 1 . . . . . . . . . . . . . . . . . . . . . . . Combat Hostiles 1 | . . . . . . . . . 1 . . . . . . . . . . . . . . . . . . . . . . . Parts Fried 10 | . . . . . . . . . 2 . . . . . . . . . . 6 . 1 . . . . 1 . . . . . Impact Corruptions 10 | . . . . . . . . . . 1 . . . . . . . . . 6 . . . . . . 3 . . . . . Robots Melted 1 | . . . . . . . . . . . . . . . . . . . . . . . . . . . 1 . . . . . Combat Hostiles 1 | . . . . . . . . . . . . . . . . . . . . . . . . . . . 1 . . . . . Parts Melted 18 | . . . . . . . 5 . 3 . . 2 . 1 . . . . . 1 . 2 . . . . 3 . . 1 . . Heat Transferred 7594 | . . . . . . 74 2479 . 1482 . . . . 783 50 . . . . . . 592 74 . 1468 111 444 . . . 37 . Parts Sabotaged 4 | . . . . . . . . . . . . . . . . . . . . . . . . . 2 . . 1 . . . 1 Parts Stolen 9 | . . . . . . . . . . . . . . . . . . . . . 3 2 . . . 2 2 . . . . . Parts Stripped . | . . . . . . . . . . . . . . . . . . . . . . . . . . . . . . . . . Power Chain Reactions 1 | . . . 1 . . . . . . . . . . . . . . . . . . . . . . . . . . . . . Missiles Intercepted . | . . . . . . . . . . . . . . . . . . . . . . . . . . . . . . . . . Alert | -11 -10 -10 -9 -9 -9 -8 -8 -8 -8 -7 -7 -7 -7 -6 -6 -6 -6 -6 -5 -5 -5 -5 -5 -4 -4 -4 -4 -4 -3 -3 -3 -3 ------- Run | Jun Mat Min Mat Min Exi Min Mat Gar Mat Fac Low Low Dat Pro Fac Low Low Zio Pro Fac Upp Upp Zhi Pro Fac Upp Upp War Pro Res Qua Sec Peak Influence 3048 | . 291 233 242 292 . 184 499 298 531 584 . . . . 902 . . . . 413 . . . . 1098 . . . . 1220 3048 2385 Initial 1714 | . . 113 90 94 . . 71 247 144 236 . . . . 902 . . . . 52 . . . . 375 . . . . 60 677 1714 Average 624 | . 134 221 184 158 . 74 248 276 291 449 . . . . 617 . . . . 143 . . . . 431 . . . . 679 1501 1964 Maximum Alert Level 5 | . 1 1 1 1 . . 2 1 2 2 . . . . 3 . . . . 2 . . . . 3 . . . . 4 5 5 Low Security (%) 26 | . 59 19 35 80 . 100 35 . 24 . . . . . . . . . . 75 . . . . 27 . . . . 21 . . Level 1 22 | . 40 80 64 19 . . 56 100 49 27 . . . . 14 . . . . 14 . . . . 29 . . . . 8 . . Level 2 19 | . . . . . . . 8 . 26 72 . . . . 50 . . . . 9 . . . . 22 . . . . 16 3 . Level 3 14 | . . . . . . . . . . . . . . . 34 . . . . . . . . . 21 . . . . 33 35 . Level 4 6 | . . . . . . . . . . . . . . . . . . . . . . . . . . . . . . 21 26 . Level 5 8 | . . . . . . . . . . . . . . . . . . . . . . . . . . . . . . . 26 100 High Security 1 | . . . . . . . . . . . . . . . . . . . . . . . . . . . . . . . 7 . Max Security . | . . . . . . . . . . . . . . . . . . . . . . . . . . . . . . . . . Squads Dispatched 72 | . . . . . . . 6 . 4 6 . . . 1 5 . . . . 5 . . . . 6 . . . . 11 24 4 Investigation 10 | . . . . . . . 1 . . 3 . . . . 3 . . . . . . . . . 1 . . . . . 2 . Extermination 16 | . . . . . . . . . . 3 . . . . 1 . . . . 2 . . . . 2 . . . . 3 5 . Reinforcement 17 | . . . . . . . 2 . 3 . . . . . 1 . . . . . . . . . 1 . . . . 5 4 1 Assault 22 | . . . . . . . . . 1 . . . . 1 . . . . . . . . . . 2 . . . . 2 13 3 Garrison 7 | . . . . . . . 3 . . . . . . . . . . . . 3 . . . . . . . . . 1 . . Intercept . | . . . . . . . . . . . . . . . . . . . . . . . . . . . . . . . . . Searches Triggered 4 | . . . . . . . . . . . . . . . 3 . . . . . . . . . 1 . . . . . . . Data Miner Redirects 9 | . . . . . . . . . . . . . . . 1 . . . . . . . . . 1 . . . . 1 5 1 Construction Impeded 3 | . . . . . . . . . . . . . . . . . . . . . . . . . . . . . . 1 1 1 Haulers Reinforced 2 | . . . . . . . . . . . . . . . . . . . . . . . . . . . . . . 1 1 . Active Scanning Responses . | . . . . . . . . . . . . . . . . . . . . . . . . . . . . . . . . . Cargo Convoy Interrupts . | . . . . . . . . . . . . . . . . . . . . . . . . . . . . . . . . . Stealth | -11 -10 -10 -9 -9 -9 -8 -8 -8 -8 -7 -7 -7 -7 -6 -6 -6 -6 -6 -5 -5 -5 -5 -5 -4 -4 -4 -4 -4 -3 -3 -3 -3 --------- Run | Jun Mat Min Mat Min Exi Min Mat Gar Mat Fac Low Low Dat Pro Fac Low Low Zio Pro Fac Upp Upp Zhi Pro Fac Upp Upp War Pro Res Qua Sec Distress Signals 12 | . . . . . . . 3 . 1 . . . . 1 . . . . . . . . . . 3 . . 1 . 2 . 1 Communications Jammed 12 | . . . . . . . . . . . . . . . . . . . . 12 . . . . . . . . . . . . Distress Signals 12 | . . . . . . . . . . . . . . . . . . . . 12 . . . . . . . . . . . . Times Spotted 537 | . 11 2 10 7 . 8 24 . 26 24 2 6 . 21 21 25 11 . 7 32 10 4 . 7 40 4 13 58 11 40 79 34 Peak Tracking Total 18 | . 7 2 7 4 . 3 6 . 8 4 1 4 . 4 4 6 4 . 4 8 4 2 . 5 8 3 5 13 5 8 18 12 Tactical Retreats 15 | . . . . . . 1 1 . . 2 . . . . 2 1 . . . 1 . . . . 2 . . 3 . . 2 . Traps | -11 -10 -10 -9 -9 -9 -8 -8 -8 -8 -7 -7 -7 -7 -6 -6 -6 -6 -6 -5 -5 -5 -5 -5 -4 -4 -4 -4 -4 -3 -3 -3 -3 ------- Run | Jun Mat Min Mat Min Exi Min Mat Gar Mat Fac Low Low Dat Pro Fac Low Low Zio Pro Fac Upp Upp Zhi Pro Fac Upp Upp War Pro Res Qua Sec Traps Triggered 7 | . 2 . . . . . 2 . . . . . . . . . . . . . . . . . . . . . . 3 . . Indirectly . | . . . . . . . . . . . . . . . . . . . . . . . . . . . . . . . . . Trap Hack Attempts . | . . . . . . . . . . . . . . . . . . . . . . . . . . . . . . . . . Triggered . | . . . . . . . . . . . . . . . . . . . . . . . . . . . . . . . . . Disarmed . | . . . . . . . . . . . . . . . . . . . . . . . . . . . . . . . . . Reprogrammed . | . . . . . . . . . . . . . . . . . . . . . . . . . . . . . . . . . Reused . | . . . . . . . . . . . . . . . . . . . . . . . . . . . . . . . . . Traps Extracted . | . . . . . . . . . . . . . . . . . . . . . . . . . . . . . . . . . Installed . | . . . . . . . . . . . . . . . . . . . . . . . . . . . . . . . . . Triggered 25 | . . . . . . . . . . . 1 . . 1 . 1 . . . . . . . . . . . 22 . . . . Machines | -11 -10 -10 -9 -9 -9 -8 -8 -8 -8 -7 -7 -7 -7 -6 -6 -6 -6 -6 -5 -5 -5 -5 -5 -4 -4 -4 -4 -4 -3 -3 -3 -3 ---------- Run | Jun Mat Min Mat Min Exi Min Mat Gar Mat Fac Low Low Dat Pro Fac Low Low Zio Pro Fac Upp Upp Zhi Pro Fac Upp Upp War Pro Res Qua Sec Machines Disabled 65 | . 1 . . . . 1 . 1 5 4 . . . 1 2 . . . . 1 1 . . . 9 1 . . . 3 24 11 Max in Single Turn 9 | . 1 . . . . 1 . 1 2 2 . . . 1 2 . . . . 1 1 . . . 6 1 . . . 1 9 3 Garrison Access 5 | . . . . . . . . . 1 . . . . . . . . . . 1 . . . . 1 . . . . 1 1 . Garrison Relay 1 | . . . . . . . . 1 . . . . . . . . . . . . . . . . . . . . . . . . Machines Repaired . | . . . . . . . . . . . . . . . . . . . . . . . . . . . . . . . . . Machines Sabotaged . | . . . . . . . . . . . . . . . . . . . . . . . . . . . . . . . . . Overloaded Fab Kills . | . . . . . . . . . . . . . . . . . . . . . . . . . . . . . . . . . Hacking | -11 -10 -10 -9 -9 -9 -8 -8 -8 -8 -7 -7 -7 -7 -6 -6 -6 -6 -6 -5 -5 -5 -5 -5 -4 -4 -4 -4 -4 -3 -3 -3 -3 --------- Run | Jun Mat Min Mat Min Exi Min Mat Gar Mat Fac Low Low Dat Pro Fac Low Low Zio Pro Fac Upp Upp Zhi Pro Fac Upp Upp War Pro Res Qua Sec Machines Accessed 47 | . 1 . 4 . 2 . 4 1 6 4 . . 4 . 3 . 1 . . 3 . . 4 . 4 2 . 1 . 1 2 . Terminals 21 | . 1 . 4 . . . 3 1 5 3 . . . . 2 . . . . . . . . . . . . . . . 2 . Fabricators 5 | . . . . . . . . . . 1 . . . . 1 . . . . 1 . . . . 2 . . . . . . . Repair Stations . | . . . . . . . . . . . . . . . . . . . . . . . . . . . . . . . . . Recycling Units . | . . . . . . . . . . . . . . . . . . . . . . . . . . . . . . . . . Scanalyzers 1 | . . . . . . . . . . . . . . . . . . . . . . . . . 1 . . . . . . . Garrison Access 6 | . . . . . . . 1 . 1 . . . . . . . . . . 2 . . . . 1 . . . . 1 . . Total Hacks 138 | . 4 . 15 . 2 . 9 1 15 12 . . 32 . 9 . 1 . . 6 . . 17 . 8 2 . 1 . 2 2 . Successful 89 | . 2 . 8 . 2 . 2 1 5 4 . . 32 . 2 . 1 . . 3 . . 17 . 5 2 . 1 . . 2 . Failed 49 | . 2 . 7 . . . 7 . 10 8 . . . . 7 . . . . 3 . . . . 3 . . . . 2 . . Catastrophic 13 | . . . 1 . . . 2 . 3 2 . . . . 2 . . . . 1 . . . . 1 . . . . 1 . . Database Lockouts . | . . . . . . . . . . . . . . . . . . . . . . . . . . . . . . . . . Manual 114 | . 4 . 16 . 1 . 7 . 12 5 . . . . 7 . . . . 25 . . . . 11 . . 2 . 9 5 10 Terminals 59 | . 4 . 15 . . . 8 1 12 10 . . . . 7 . . . . . . . . . . . . . . . 2 . Fabricators 10 | . . . . . . . . . . 2 . . . . 2 . . . . 2 . . . . 4 . . . . . . . Repair Stations . | . . . . . . . . . . . . . . . . . . . . . . . . . . . . . . . . . Recycling Units . | . . . . . . . . . . . . . . . . . . . . . . . . . . . . . . . . . Scanalyzers 2 | . . . . . . . . . . . . . . . . . . . . . . . . . 2 . . . . . . . Garrison Access 12 | . . . . . . . 1 . 3 . . . . . . . . . . 4 . . . . 2 . . . . 2 . . Terminal Hacks 68 | . . . 5 . 2 . 1 1 2 2 . . 32 . . . 1 . . . . . 17 . . 2 . 1 . . 2 . Record 20 | . . . . . 1 . 1 . . . . . 11 . . . . . . . . . 5 . . 1 . . . . 1 . Part Schematic 17 | . . . . . . . . . . . . . 13 . . . . . . . . . 4 . . . . . . . . . Robot Schematic 6 | . . . 1 . . . . . . . . . 5 . . . . . . . . . . . . . . . . . . . Robot Analysis 6 | . . . 2 . . . . . . . . . . . . . . . . . . . 4 . . . . . . . . . Prototype ID Bank 7 | . . . . . . . . . . . . . 3 . . . . . . . . . 4 . . . . . . . . . Open Door 4 | . . . . . . . . . . . . . . . . . 1 . . . . . . . . 1 . 1 . . 1 . Branch Access Points 2 | . . . 1 . . . . . . 1 . . . . . . . . . . . . . . . . . . . . . . Terminal Index 3 | . . . 1 . . . . . 1 1 . . . . . . . . . . . . . . . . . . . . . . Garrison Index 1 | . . . . . . . . . 1 . . . . . . . . . . . . . . . . . . . . . . . Garrison Registry 1 | . . . . . . . . 1 . . . . . . . . . . . . . . . . . . . . . . . . EX-Prototype ID Bank 1 | . . . . . 1 . . . . . . . . . . . . . . . . . . . . . . . . . . . Fabricator Hacks 8 | . . . . . . . . . . 2 . . . . 2 . . . . 2 . . . . 2 . . . . . . . Load Schematic 4 | . . . . . . . . . . 1 . . . . 1 . . . . 1 . . . . 1 . . . . . . . Build 4 | . . . . . . . . . . 1 . . . . 1 . . . . 1 . . . . 1 . . . . . . . Repair Station Hacks . | . . . . . . . . . . . . . . . . . . . . . . . . . . . . . . . . . Recycling Unit Hacks . | . . . . . . . . . . . . . . . . . . . . . . . . . . . . . . . . . Scanalyzer 2 | . . . . . . . . . . . . . . . . . . . . . . . . . 2 . . . . . . . Insert Component 1 | . . . . . . . . . . . . . . . . . . . . . . . . . 1 . . . . . . . Analyze 1 | . . . . . . . . . . . . . . . . . . . . . . . . . 1 . . . . . . . Garrison Access Hacks 3 | . . . . . . . 1 . . . . . . . . . . . . 1 . . . . 1 . . . . . . . Unlock Access 1 | . . . . . . . 1 . . . . . . . . . . . . . . . . . . . . . . . . . Seal Access 2 | . . . . . . . . . . . . . . . . . . . . 1 . . . . 1 . . . . . . . Unauthorized Hacks 8 | . 2 . 3 . . . . . 3 . . . . . . . . . . . . . . . . . . . . . . . Terminals 8 | . 2 . 3 . . . . . 3 . . . . . . . . . . . . . . . . . . . . . . . Botnet 6 | . 1 . 2 . . . . . 3 . . . . . . . . . . . . . . . . . . . . . . . Operators 2 | . 1 . 1 . . . . . . . . . . . . . . . . . . . . . . . . . . . . . Fabricators . | . . . . . . . . . . . . . . . . . . . . . . . . . . . . . . . . . Repair Stations . | . . . . . . . . . . . . . . . . . . . . . . . . . . . . . . . . . Recycling Units . | . . . . . . . . . . . . . . . . . . . . . . . . . . . . . . . . . Scanalyzers . | . . . . . . . . . . . . . . . . . . . . . . . . . . . . . . . . . Garrison Access . | . . . . . . . . . . . . . . . . . . . . . . . . . . . . . . . . . Data Cores Recovered 1 | . . . 1 . . . . . . . . . . . . . . . . . . . . . . . . . . . . . Used . | . . . . . . . . . . . . . . . . . . . . . . . . . . . . . . . . . Hacking Detections 25 | . 1 . 4 . . . 3 . 4 4 . . . . 3 . . . . 1 . . . . 3 . . . . 1 1 . Full Trace Events 10 | . . . . . . . 2 . 1 3 . . . . 3 . . . . . . . . . 1 . . . . . . . Feedback Events 1 | . . . . . . . . . . . . . . . 1 . . . . . . . . . . . . . . . . . Corruption 1 | . . . . . . . . . . . . . . . 1 . . . . . . . . . . . . . . . . . Feedback Blocked . | . . . . . . . . . . . . . . . . . . . . . . . . . . . . . . . . . Robot Schematics Acquired 14 | . . . 1 . . . . . . . . . 5 . . . . 3 . 5 . . . . . . . . . . . . Robots Built . | . . . . . . . . . . . . . . . . . . . . . . . . . . . . . . . . . Authchips . | . . . . . . . . . . . . . . . . . . . . . . . . . . . . . . . . . Time 81 | . . . . . . . . . . 81 . . . . . . . . . . . . . . . . . . . . . . Total Robot Build Rating . | . . . . . . . . . . . . . . . . . . . . . . . . . . . . . . . . . Part Schematics Acquired 70 | . . . . . . . . . . . . . 13 . . . . 16 . 9 . . 4 . 1 . . . . . 9 18 Parts Built 4 | . . . . . . . . . . . . . . . 2 . . . . 2 . . . . . . . . . . . . Authchips 1 | . . . . . . . . . . . . . . . . . . . . 1 . . . . . . . . . . . . Time 399 | . . . . . . . . . . . . . . . 106 . . . . 106 . . . . 187 . . . . . . . Total Part Build Rating 24 | . . . . . . . . . . . . . . . 12 . . . . 12 . . . . . . . . . . . . Parts Repaired . | . . . . . . . . . . . . . . . . . . . . . . . . . . . . . . . . . Time . | . . . . . . . . . . . . . . . . . . . . . . . . . . . . . . . . . Parts Recycled . | . . . . . . . . . . . . . . . . . . . . . . . . . . . . . . . . . Recycled Matter . | . . . . . . . . . . . . . . . . . . . . . . . . . . . . . . . . . Retrieved Matter . | . . . . . . . . . . . . . . . . . . . . . . . . . . . . . . . . . Retrieved Components . | . . . . . . . . . . . . . . . . . . . . . . . . . . . . . . . . . Parts Scanalyzed 1 | . . . . . . . . . . . . . . . . . . . . . . . . . 1 . . . . . . . Part Schematics Acquired 1 | . . . . . . . . . . . . . . . . . . . . . . . . . 1 . . . . . . . Parts Damaged . | . . . . . . . . . . . . . . . . . . . . . . . . . . . . . . . . . Bothacking | -11 -10 -10 -9 -9 -9 -8 -8 -8 -8 -7 -7 -7 -7 -6 -6 -6 -6 -6 -5 -5 -5 -5 -5 -4 -4 -4 -4 -4 -3 -3 -3 -3 ------------ Run | Jun Mat Min Mat Min Exi Min Mat Gar Mat Fac Low Low Dat Pro Fac Low Low Zio Pro Fac Upp Upp Zhi Pro Fac Upp Upp War Pro Res Qua Sec Used RIF Installer . | . . . . . . . . . . . . . . . . . . . . . . . . . . . . . . . . . Robots Hacked . | . . . . . . . . . . . . . . . . . . . . . . . . . . . . . . . . . Non-combat . | . . . . . . . . . . . . . . . . . . . . . . . . . . . . . . . . . Combat . | . . . . . . . . . . . . . . . . . . . . . . . . . . . . . . . . . Robot Hacks Applied . | . . . . . . . . . . . . . . . . . . . . . . . . . . . . . . . . . Relay Couplers Released 17 | . . . . . . . . 9 4 . . . . . . . . . . . . . . . . . . . . 2 2 . Machine Destruction 13 | . . . . . . . . 5 4 . . . . . . . . . . . . . . . . . . . . 2 2 . Programmers 4 | . . . . . . . . 4 . . . . . . . . . . . . . . . . . . . . . . . . Fabnet Peak Effective % . | . . . . . . . . . . . . . . . . . . . . . . . . . . . . . . . . . Robots Rewired 6 | . . . . . . . . . . . . . . . . . . . . . 1 . . . . . . 5 . . . . Allies Hacked 3 | . . . . . . . . . . . . . . . . . . . . 2 . . . . . . . . . 1 . . Hacks Repelled . | . . . . . . . . . . . . . . . . . . . . . . . . . . . . . . . . . Allies | -11 -10 -10 -9 -9 -9 -8 -8 -8 -8 -7 -7 -7 -7 -6 -6 -6 -6 -6 -5 -5 -5 -5 -5 -4 -4 -4 -4 -4 -3 -3 -3 -3 -------- Run | Jun Mat Min Mat Min Exi Min Mat Gar Mat Fac Low Low Dat Pro Fac Low Low Zio Pro Fac Upp Upp Zhi Pro Fac Upp Upp War Pro Res Qua Sec Total Allies 29 | . . . . . . . . . . . . . . 1 . . . 6 . 8 1 . . . 3 . . 5 . 5 . . Largest Group 6 | . . . . . . . . . . . . . . 1 . . . 6 6 4 2 1 . . 2 . . 5 . 3 . . Highest-Rated Group 288 | . . . . . . . . . . . . . . 96 . . . 228 228 150 102 47 . . 206 . . 260 . 288 . . Highest-Rated Ally 103 | . . . . . . . . . . . . . . 96 . . . 40 40 51 51 47 . . 103 . . 65 . 96 . . Zionite Dispatches 8 | . . . . . . . . . . . . . . . . . . . . 4 . . . . 2 . . . . 2 . . Heavy 1 | . . . . . . . . . . . . . . . . . . . . . . . . . 1 . . . . . . . Light 1 | . . . . . . . . . . . . . . . . . . . . . . . . . . . . . . 1 . . Fire 1 | . . . . . . . . . . . . . . . . . . . . 1 . . . . . . . . . . . . Hacker 1 | . . . . . . . . . . . . . . . . . . . . 1 . . . . . . . . . . . . Demo 1 | . . . . . . . . . . . . . . . . . . . . . . . . . . . . . . 1 . . Offense Resupply 1 | . . . . . . . . . . . . . . . . . . . . 1 . . . . . . . . . . . . Defense Resupply 1 | . . . . . . . . . . . . . . . . . . . . . . . . . 1 . . . . . . . Infowar Resupply 1 | . . . . . . . . . . . . . . . . . . . . 1 . . . . . . . . . . . . Total Orders 7 | . . . . . . . . . . . . . . . . . . . . 5 . . . . 2 . . . . . . . STAY 4 | . . . . . . . . . . . . . . . . . . . . 3 . . . . 1 . . . . . . . DROP 3 | . . . . . . . . . . . . . . . . . . . . 2 . . . . 1 . . . . . . . Ally Attacks 171 | . . . . . . . . . . . . . . 29 . . . . 34 20 11 2 . . 9 . . 46 . 20 . . Total Damage 5363 | . . . . . . . . . . . . . . 681 . . . . 544 424 569 31 . . 529 . . 1547 . 1038 . . Kills 34 | . . . . . . . . . . . . . . 3 . . . . 9 1 2 . . . 6 . . 8 . 5 . . Allies Corrupted 1 | . . . . . . . . . . . . . . . . . . . . 1 . . . . . . . . . . . . Allies Melted 1 | . . . . . . . . . . . . . . . . . . . . . . . . . . . . 1 . . . . Intel | -11 -10 -10 -9 -9 -9 -8 -8 -8 -8 -7 -7 -7 -7 -6 -6 -6 -6 -6 -5 -5 -5 -5 -5 -4 -4 -4 -4 -4 -3 -3 -3 -3 ------- Run | Jun Mat Min Mat Min Exi Min Mat Gar Mat Fac Low Low Dat Pro Fac Low Low Zio Pro Fac Upp Upp Zhi Pro Fac Upp Upp War Pro Res Qua Sec Robot Analysis Total 6 | . . . 2 . . . . . . . . . . . . . . . . . . . 4 . . . . . . . . . Derelict Logs Recovered 15 | . . . . . . . . . . . 1 2 . 3 . . . . 2 . 2 2 . 2 . 1 . . . . . . Drone Launches . | . . . . . . . . . . . . . . . . . . . . . . . . . . . . . . . . . Drone Recoveries . | . . . . . . . . . . . . . . . . . . . . . . . . . . . . . . . . . Zionite Intel Received 7 | . . . . . . . . . . . . . . . . . . . . 3 . . . . 1 . . . . . 1 2 Branch Access 1 | . . . . . . . . . . . . . . . . . . . . . . . . . 1 . . . . . . . Emergency Access 1 | . . . . . . . . . . . . . . . . . . . . 1 . . . . . . . . . . . . Guard Positions 1 | . . . . . . . . . . . . . . . . . . . . . . . . . . . . . . . . 1 Prototype Schematics 2 | . . . . . . . . . . . . . . . . . . . . 1 . . . . . . . . . . . 1 Unaware Schematics 1 | . . . . . . . . . . . . . . . . . . . . 1 . . . . . . . . . . . . Active Terminals 1 | . . . . . . . . . . . . . . . . . . . . . . . . . . . . . . . 1 . Exploration | -11 -10 -10 -9 -9 -9 -8 -8 -8 -8 -7 -7 -7 -7 -6 -6 -6 -6 -6 -5 -5 -5 -5 -5 -4 -4 -4 -4 -4 -3 -3 -3 -3 ------------- Run | Jun Mat Min Mat Min Exi Min Mat Gar Mat Fac Low Low Dat Pro Fac Low Low Zio Pro Fac Upp Upp Zhi Pro Fac Upp Upp War Pro Res Qua Sec Turns Passed 30398 | . 344 274 342 407 365 647 495 368 1032 1306 1379 796 198 3346 1161 1182 789 1512 435 1405 960 874 261 723 1109 901 838 1694 1045 1427 2261 522 Spaces Moved 13526 | 1 180 105 201 242 222 386 231 193 380 457 507 308 81 933 380 507 452 917 248 727 545 498 149 422 557 529 362 603 404 564 968 267 Core 32 | . . . . . . . . . . . . . . . . . . . . . . . . . . . . . . . 32 . Treads 12358 | . 170 105 58 242 222 306 213 193 380 457 507 308 81 918 32 507 452 917 248 727 545 498 149 422 557 529 362 603 404 564 434 248 Legs 397 | 1 10 . . . . . . . . . . . . 15 348 . . . . . . . . . . . . . . . 23 . Wheels 670 | . . . 143 . . 80 18 . . . . . . . . . . . . . . . . . . . . . . . 429 . Hover 50 | . . . . . . . . . . . . . . . . . . . . . . . . . . . . . . . 50 . Flight . | . . . . . . . . . . . . . . . . . . . . . . . . . . . . . . . . . Fastest Speed 50 | 120 120 240 130 160 160 155 120 160 165 247 247 247 247 247 160 160 160 160 160 160 160 160 160 160 160 160 160 160 250 168 50 170 Average Speed 198 | 120 174 240 148 160 160 159 170 162 231 247 247 247 247 341 226 193 160 160 160 160 160 160 160 160 160 161 209 241 250 210 174 170 Slowest Speed 650 | 120 240 240 160 160 160 240 240 165 247 247 247 247 247 650 265 240 160 160 160 160 240 240 160 160 240 240 240 410 250 248 270 250 Overloaded Moves . | . . . . . . . . . . . . . . . . . . . . . . . . . . . . . . . . . Propulsion Burnouts . | . . . . . . . . . . . . . . . . . . . . . . . . . . . . . . . . . Robots Hopped . | . . . . . . . . . . . . . . . . . . . . . . . . . . . . . . . . . Cave-ins Triggered 1 | . . . . . . . . . . . . . . . . . . . . . . . . . . . . . . . . 1 Spacefolds 7 | . . . . . . . . . . . . . . . . . . . . . . . . . . . . . . . . 7 Exploration Rate (%) 52 | 2 44 42 29 67 60 91 30 38 48 13 69 53 69 89 14 59 56 87 55 26 76 67 60 68 19 75 52 84 83 26 74 22 Regions Visited 32 Branch Regions 22 Pre-discovered Areas 10 | . . . . . 1 . . . . . 2 1 1 . . . . . . . 1 . 3 1 . . . . . . . . Known Exits Taken 20 | . . . 1 . . . 1 . . 1 . . . 1 1 1 1 1 1 1 1 1 1 1 1 1 1 1 1 1 . . Unknown Exits Taken 11 | 1 1 1 . 1 1 1 . . 1 . 1 1 1 . . . . . . . . . . . . . . . . . 1 . Scrap Searched 31 | . . . . 1 . 1 . . . . 4 3 . 5 . 1 1 1 3 . 1 2 . 1 . 1 3 . 3 . . . Spaces Dug 775 | . . . 5 . . 13 . . . 6 1 . . . 2 . . . . 4 . . . . 9 . . . . 13 722 . Terrain Destroyed 2927 | . 23 10 30 42 . 98 8 10 46 21 3 5 . 40 21 100 . . . 28 95 42 . 215 93 102 136 130 179 237 1128 85 Melee 16 | . . . . . . . . . . 1 . . . . 2 . . . . 4 . . . . 8 . . . . . 1 . Projectile 145 | . . . . . . . 8 . 1 13 3 5 . 2 9 10 . . . . 2 . . . 4 6 5 24 6 13 30 4 AOE 2762 | . 23 10 30 42 . 98 . 10 45 7 . . . 38 10 90 . . . 24 93 42 . 215 81 96 131 106 173 223 1094 81 Terrain Rammed . | . . . . . . . . . . . . . . . . . . . . . . . . . . . . . . . . . Walls Destroyed . | . . . . . . . . . . . . . . . . . . . . . . . . . . . . . . . . . Machines Disabled . | . . . . . . . . . . . . . . . . . . . . . . . . . . . . . . . . . Actions | -11 -10 -10 -9 -9 -9 -8 -8 -8 -8 -7 -7 -7 -7 -6 -6 -6 -6 -6 -5 -5 -5 -5 -5 -4 -4 -4 -4 -4 -3 -3 -3 -3 --------- Run | Jun Mat Min Mat Min Exi Min Mat Gar Mat Fac Low Low Dat Pro Fac Low Low Zio Pro Fac Upp Upp Zhi Pro Fac Upp Upp War Pro Res Qua Sec Total 16133 | . 201 117 232 252 236 406 333 256 494 617 636 345 80 1020 576 637 498 960 279 913 617 529 169 451 723 555 408 798 426 717 1340 312 Wait 774 | . . . . . 1 . 65 11 60 55 111 4 . . 78 73 9 11 10 64 41 . . 6 50 . 1 21 5 17 72 9 Move 13482 | . 179 104 200 241 221 385 231 192 379 456 506 307 80 932 379 506 451 916 247 726 544 497 148 421 556 528 361 602 403 563 967 254 Hop . | . . . . . . . . . . . . . . . . . . . . . . . . . . . . . . . . . Pick Up 190 | . 6 6 4 . 6 2 9 13 7 8 3 1 . 7 12 2 1 7 2 14 3 5 4 1 10 1 4 12 2 6 31 1 Fast Attach 151 | . 2 . 5 . . 1 7 4 2 2 1 . . 5 11 1 . 7 2 3 . 1 5 . 8 1 4 16 2 17 38 6 Attach 123 | . . 1 2 . . 1 3 6 3 7 . 3 . 7 6 2 6 . . 8 4 . . 3 12 2 5 6 1 8 20 7 Detach 54 | . . . 3 . . 1 . 3 1 2 . . . 1 1 . 2 1 . . 2 . 1 . 11 1 3 7 . 4 8 2 Swap 94 | . 5 . 1 . . . 3 4 4 5 2 1 . 5 10 6 5 5 3 11 2 3 1 . 8 3 2 1 . 3 1 . Drop 204 | . 2 . 5 . 8 3 13 21 6 7 4 1 . 3 14 . 1 12 3 12 3 . 8 2 11 . . 23 . 11 31 . Fire 850 | . 6 6 11 8 . 11 . 2 13 62 9 28 . 60 44 40 23 . 12 61 16 23 2 18 48 19 26 41 13 82 138 28 Melee 67 | . . . . . . . . . 1 1 . . . . 18 7 . 1 . 11 . . . . 9 . 2 . . . 14 3 Ram . | . . . . . . . . . . . . . . . . . . . . . . . . . . . . . . . . . Kick 5 | . . . . . . . . . . . . . . . 3 . . . . . . . . . . . . . . . 2 . Crush 60 | . 1 . 1 3 . 2 2 . 18 12 . . . . . . . . . 2 . . . . . . . . . . 18 1 Escape Stasis 7 | . . . . . . . . . . . . . . . . . . . . . . . . . . . . . . 6 . 1 Rewire 72 | . . . . . . . . . . . . . . . . . . . . 1 2 . . . . . . 69 . . . . Trap . | . . . . . . . . . . . . . . . . . . . . . . . . . . . . . . . . . Miscellaneous . | . . . . . . . . . . . . . . . . . . . . . . . . . . . . . . . . . Route ------- -11/Junkyard -10/Materials -10/Mines -9/Materials (discovered 2 exits: *Min / Sto) -9/Mines (discovered 2 exits: *Mat / *Exi) -9/Exiles -8/Mines -8/Materials -8/Garrison (discovered 3 exits: *Mat x3) -8/Materials (discovered 2 exits: *Fac x2) -7/Factory (discovered 3 exits: *Fac / *Low x2) -7/Lower Caves -7/Lower Caves -7/Data Miner -6/Proximity Caves -6/Factory (discovered 2 exits: Fac / *Low) -6/Lower Caves -6/Lower Caves -6/Zion -5/Proximity Caves -5/Factory (discovered 3 exits: *Fac / *Upp x2) -5/Upper Caves -5/Upper Caves (discovered 2 exits: Fac / *Zhi) -5/Zhirov -4/Proximity Caves -4/Factory (discovered 3 exits: *Upp x2 / Arm) -4/Upper Caves -4/Upper Caves -4/Warlord -3/Proximity Caves -3/Research -3/Quarantine (discovered 2 exits: [*Res] / *Sec) -3/Section 7 History --------- Turn | Location | Event 1 | -11/Junkyard | Discovered new exit (range 0) 1 | -11/Junkyard | Entered Materials 233 | -10/Materials | Discovered new exit (range 10) 314 | -10/Materials | Build established: Mutant 345 | -10/Materials | Entered Mines 505 | -10/Mines | Received a Rocket Launcher from a helpful Derelict 588 | -10/Mines | Discovered new exit (range 12) 619 | -10/Mines | Entered Materials 619 | -9/Materials | Evolved 2 slots: Propulsion x1, Utility x1 695 | -9/Materials | Identified exit to Mines 695 | -9/Materials | Identified exit to Storage 961 | -9/Materials | Entered Mines 1049 | -9/Mines | Discovered new exit (range 15) 1361 | -9/Mines | Deemed a non-threat by the Exiles lab entrance 1361 | -9/Mines | Discovered new exit (range 5) 1368 | -9/Mines | Entered Exiles 1412 | -9/Exiles | Met 8R-AWN 1438 | -9/Exiles | Met EX-HEX 1486 | -9/Exiles | Met EX-BIN 1510 | -9/Exiles | Aligned with FarCom system 1511 | -9/Exiles | Given EX-Vault access code 1548 | -9/Exiles | Opened EX-Vault 1564 | -9/Exiles | Found XL Autogun Array 1569 | -9/Exiles | Found AWS/Thermal 1574 | -9/Exiles | Found Superbattery 1608 | -9/Exiles | Warned to stay clear of 0b10 Research branches 1655 | -9/Exiles | Met EX-DEC 1663 | -9/Exiles | Learned location of Zion (-6) 1720 | -9/Exiles | Discovered new exit (range 10) 1733 | -9/Exiles | Stole three prototypes: Superbattery, AWS/Thermal, XL Autogun Array 1733 | -9/Exiles | Entered Mines 2368 | -8/Mines | Discovered new exit (range 8) 2380 | -8/Mines | Entered Materials 2380 | -8/Materials | Evolved 2 slots: Propulsion x1, Utility x1 2661 | -8/Materials | Garrison activated, responded to threat 2703 | -8/Materials | Build established: Scavenger-Mutant 2875 | -8/Materials | Identified exit to Garrison 2875 | -8/Materials | Entered Garrison 2875 | -8/Garrison | Warlord forces raided the area 2926 | -8/Garrison | Triggered checkpoint 2941 | -8/Garrison | Triggered checkpoint 2976 | -8/Garrison | Discovered new exit (range 30) 2976 | -8/Garrison | Discovered new exit (range 49) 2976 | -8/Garrison | Discovered new exit (range 65) 3172 | -8/Garrison | Triggered checkpoint 3243 | -8/Garrison | Entered Materials 3722 | -8/Materials | Discovered new exit (range 11) 3818 | -8/Materials | Destroyed 8 combat bots 4174 | -8/Materials | Build established: Mutant 4213 | -8/Materials | Discovered new exit (range 12) 4275 | -8/Materials | Entered Factory 4275 | -7/Factory | Evolved 2 slots: Weapon x2 4277 | -7/Factory | FarCom data flow suspended 4549 | -7/Factory | Discovered new exit (range 7) 4644 | -7/Factory | Build established: Bomber 4807 | -7/Factory | Identified exit to Lower Caves 5581 | -7/Factory | Entered Lower Caves 5587 | -7/Lower Caves | Met a Warlord Commander 5588 | -7/Lower Caves | Learned location of Warlord (-4) 5594 | -7/Lower Caves | Found Encrypted Comm Array 5665 | -7/Lower Caves | Encountered a Warlord checkpoint 6260 | -7/Lower Caves | Build established: Gunner 6848 | -7/Lower Caves | Discovered new exit (range 9) 6860 | -7/Lower Caves | Learned location of Extension (-6) 6960 | -7/Lower Caves | Entered another Lower Caves area 7151 | -7/Lower Caves | Spotted B-75 Beast 7190 | -7/Lower Caves | Destroyed B-75 Beast 7695 | -7/Lower Caves | Learned Factory non-interactive machine intel 7724 | -7/Lower Caves | Discovered new exit (range 13) 7756 | -7/Lower Caves | Entered Data Miner 7756 | -7/Data Miner | Discovered new exit (range 6) 7803 | -7/Data Miner | Met Data Miner 7853 | -7/Data Miner | Learned location of Section 7 (-3) 7853 | -7/Data Miner | Acquired the access code to Warlord's prototype stash 7897 | -7/Data Miner | Received God Mode back door access code from Data Miner 7954 | -7/Data Miner | Entered Proximity Caves 7956 | -6/Proximity Caves | Spotter reported a threat 7957 | -6/Proximity Caves | Spotter reported a threat 8007 | -6/Proximity Caves | Identified exit to Factory 8053 | -6/Proximity Caves | Escorted by Enhanced Grunt 8054 | -6/Proximity Caves | Spotter reported a threat 8151 | -6/Proximity Caves | Spotted B-75 Beast 8171 | -6/Proximity Caves | Allies destroyed B-75 Beast 8179 | -6/Proximity Caves | Learned 8 Factory zone layouts 8192 | -6/Proximity Caves | Spotter reported a threat 8245 | -6/Proximity Caves | Spotter reported a threat 8468 | -6/Proximity Caves | Spotter reported a threat 8557 | -6/Proximity Caves | Learned Factory trap positions 8603 | -6/Proximity Caves | Spotter reported a threat 9083 | -6/Proximity Caves | Build established: Derelict-Gunner 9722 | -6/Proximity Caves | Attracted the attention of an 0b10 outpost 9783 | -6/Proximity Caves | Lost 5 parts (3n1u1w) 10044 | -6/Proximity Caves | Build established: Mutant 11300 | -6/Proximity Caves | Entered Factory 11300 | -6/Factory | Evolved 2 slots: Utility x2 11301 | -6/Factory | Identified exit to Factory 11302 | -6/Factory | Loaded intel: 86 trap records 11303 | -6/Factory | Loaded intel: 170 non-interactive machine locations 11650 | -6/Factory | Search patrols dispatched 11835 | -6/Factory | Spotted B-75 Beast 11871 | -6/Factory | Destroyed B-75 Beast 11896 | -6/Factory | Lost 3 parts (1u2w) 12000 | -6/Factory | Search patrols dispatched 12175 | -6/Factory | Build established: Scavenger-Mutant 12250 | -6/Factory | Incoming investigation squad redirected 12339 | -6/Factory | Fabricated Hvy. Treads (x2) 12350 | -6/Factory | Search patrols dispatched 12375 | -6/Factory | Discovered new exit (range 10) 12418 | -6/Factory | Identified exit to Lower Caves 12461 | -6/Factory | Entered Lower Caves 12929 | -6/Lower Caves | Build established: Mutant 13525 | -6/Lower Caves | Discovered new exit (range 5) 13642 | -6/Lower Caves | Identified exit to Lower Caves 13643 | -6/Lower Caves | Entered another Lower Caves area 14277 | -6/Lower Caves | Build established: Gunner 14424 | -6/Lower Caves | Discovered new exit (range 5) 14431 | -6/Lower Caves | Identified exit to Zion 14432 | -6/Lower Caves | Entered Zion 14509 | -6/Zion | Discovered new exit (range 14) 14511 | -6/Zion | Given the Hacking Drone Bay 14511 | -6/Zion | Found Prototype Device 14559 | -6/Zion | Found Prototype Energy Gun 14559 | -6/Zion | Identified Storm Laser 14653 | -6/Zion | Identified Hacking Drone Bay 14837 | -6/Zion | Gained Derelict followers 14975 | -6/Zion | Found Prototype Special Weapon 14975 | -6/Zion | Identified RU-N14's Throwing Claymores 14980 | -6/Zion | Found RU-N14's Throwing Claymores 14982 | -6/Zion | Found RU-N14's Throwing Claymores 14985 | -6/Zion | Found RU-N14's Throwing Claymores 15096 | -6/Zion | Learned Factory scanalyzer intel 15559 | -6/Zion | Imprinted 15562 | -6/Zion | Declared Zion's savior 15931 | -6/Zion | Identified exit to Proximity Caves 15944 | -6/Zion | Entered Proximity Caves 15944 | -5/Proximity Caves | Accompanied by 6 allies 16004 | -5/Proximity Caves | Learned Factory stockpile data 16064 | -5/Proximity Caves | Learned 4 Factory zone layouts 16202 | -5/Proximity Caves | Spotted B-75 Beast 16211 | -5/Proximity Caves | Allies destroyed B-75 Beast 16335 | -5/Proximity Caves | Attracted the attention of an 0b10 checkpoint 16345 | -5/Proximity Caves | Discovered exit to Factory (range 10) 16379 | -5/Proximity Caves | Entered Factory 16379 | -5/Factory | Accompanied by 4 allies 16379 | -5/Factory | Evolved 2 slots: Utility x2 16380 | -5/Factory | Identified exit to Upper Caves 16382 | -5/Factory | Loaded intel: 4 scanalyzer locations 16642 | -5/Factory | Retrieved Zion intel report: Prototype Schematics 16821 | -5/Factory | Fabricated Hvy. Treads? 16943 | -5/Factory | Retrieved Zion intel report: Emergency Access 16944 | -5/Factory | Zion Infowar Resupply teleported in 16977 | -5/Factory | Zion Offense Resupply teleported in 17040 | -5/Factory | Discovered new exit (range 12) 17068 | -5/Factory | Identified exit to Factory 17160 | -5/Factory | Zion Fire squad teleported in 17161 | -5/Factory | Discovered exit to Upper Caves (range 6) 17363 | -5/Factory | Garrison activated, responded to threat 17364 | -5/Factory | Build established: Skirmisher 17462 | -5/Factory | Destroyed 7 combat bots 17620 | -5/Factory | Retrieved Zion intel report: Unaware Schematics 17621 | -5/Factory | Zion Hacker squad teleported in 17675 | -5/Factory | Build established: Gunner 17750 | -5/Factory | Terminal network hard line cut 17784 | -5/Factory | Entered Upper Caves 17784 | -5/Upper Caves | Accompanied by 2 allies 17784 | -5/Upper Caves | Spotted FN-C6T(f) 17784 | -5/Upper Caves | Spotted WI-Z90(f) 17785 | -5/Upper Caves | Encountered a Master Thief 17785 | -5/Upper Caves | Encountered a Master Thief 17785 | -5/Upper Caves | Hvy. Treads stolen by Master Thief 17789 | -5/Upper Caves | Mic. Fission Core stolen by Master Thief 17794 | -5/Upper Caves | Spotted QU-ZRK(f) 17795 | -5/Upper Caves | Encountered a Master Thief 17796 | -5/Upper Caves | Adv. Cooling System stolen by Master Thief 17912 | -5/Upper Caves | Learned Factory stockpile data 18020 | -5/Upper Caves | Attracted the attention of an 0b10 outpost 18073 | -5/Upper Caves | Build established: Assassin 18336 | -5/Upper Caves | Discovered new exit (range 8) 18430 | -5/Upper Caves | Attracted the attention of an 0b10 checkpoint 18454 | -5/Upper Caves | Destroyed 7 combat bots 18464 | -5/Upper Caves | Identified exit to Upper Caves 18744 | -5/Upper Caves | Entered another Upper Caves area 18744 | -5/Upper Caves | Accompanied by 2 allies 18744 | -5/Upper Caves | Spotted FV-K4Y(f) 18744 | -5/Upper Caves | Spotted YM-2LZ(f) 18745 | -5/Upper Caves | Encountered a Master Thief 18745 | -5/Upper Caves | Encountered a Master Thief 18745 | -5/Upper Caves | Superbattery stolen by Master Thief 18749 | -5/Upper Caves | Hvy. Treads stolen by Master Thief 18750 | -5/Upper Caves | Destroyed FV-K4Y(f) 18781 | -5/Upper Caves | Learned Factory terminal intel 18894 | -5/Upper Caves | Discovered exit to Factory (range 12) 19087 | -5/Upper Caves | Build established: Mutant 19401 | -5/Upper Caves | Learned Factory emergency access door positions 19433 | -5/Upper Caves | Discovered new exit (range 9) 19557 | -5/Upper Caves | Identified exit to Zhirov 19618 | -5/Upper Caves | Entered Zhirov 19618 | -5/Zhirov | Discovered new exit (range 3) 19676 | -5/Zhirov | Learned location of Quarantine (-3) 19676 | -5/Zhirov | Learned location of Testing (-2) 19676 | -5/Zhirov | Learned location of Command (-1) 19719 | -5/Zhirov | Found Alien Artifact 19738 | -5/Zhirov | Found Alien Artifact 19738 | -5/Zhirov | Identified Integrated Dissipator 19738 | -5/Zhirov | Installed Integrated Dissipator, increased core heat dissipation (+20) 19877 | -5/Zhirov | Identified exit to Proximity Caves 19879 | -5/Zhirov | Entered Proximity Caves 20238 | -4/Proximity Caves | Spotter reported a threat 20245 | -4/Proximity Caves | Spotter reported a threat 20389 | -4/Proximity Caves | Attracted the attention of an 0b10 checkpoint 20523 | -4/Proximity Caves | Discovered exit to Factory (range 7) 20602 | -4/Proximity Caves | Entered Factory 20602 | -4/Factory | Evolved 2 slots: Utility x2 20603 | -4/Factory | Identified exit to Armory 20606 | -4/Factory | Loaded intel: 26 terminal locations 20852 | -4/Factory | Search patrols dispatched 20934 | -4/Factory | Build established: Assassin 21130 | -4/Factory | Retrieved Zion intel report: Branch Access 21130 | -4/Factory | Identified exit to Upper Caves 21131 | -4/Factory | Zion Defense Resupply teleported in 21223 | -4/Factory | Zion Heavy squad teleported in 21352 | -4/Factory | First assault squad dispatched 21384 | -4/Factory | Destroyed 9 combat bots 21555 | -4/Factory | Incoming investigation squad redirected 21619 | -4/Factory | Destroyed 7 combat bots 21711 | -4/Factory | Entered Upper Caves 21711 | -4/Upper Caves | Spotted 9Q-RNQ(f) 21712 | -4/Upper Caves | Encountered a Master Thief 21716 | -4/Upper Caves | Alien Artifact stolen by Master Thief 21911 | -4/Upper Caves | Learned Research garrison access intel 22038 | -4/Upper Caves | Build established: Messiah-Skirmisher 22190 | -4/Upper Caves | Destroyed 7 combat bots 22485 | -4/Upper Caves | Found Alien Artifact 22497 | -4/Upper Caves | Discovered new exit (range 15) 22520 | -4/Upper Caves | Identified exit to Upper Caves 22612 | -4/Upper Caves | Entered another Upper Caves area 23054 | -4/Upper Caves | Build established: Skirmisher 23155 | -4/Upper Caves | Found Imp. Powered Armor 23388 | -4/Upper Caves | Spotted KW-AEG(f) 23389 | -4/Upper Caves | Encountered a Master Thief 23390 | -4/Upper Caves | Spotted KS-BSK(f) 23390 | -4/Upper Caves | Spotted 1D-HUA(f) 23390 | -4/Upper Caves | Destroyed KW-AEG(f) 23391 | -4/Upper Caves | Encountered a Master Thief 23391 | -4/Upper Caves | Encountered a Master Thief 23392 | -4/Upper Caves | Alien Artifact stolen by Master Thief 23393 | -4/Upper Caves | Imp. Dynamic Insulation System stolen by Master Thief 23419 | -4/Upper Caves | Discovered new exit (range 12) 23435 | -4/Upper Caves | Build established: Assassin 23448 | -4/Upper Caves | Identified exit to Warlord 23450 | -4/Upper Caves | Entered Warlord 23715 | -4/Warlord | Found Prototype Special Weapon 23715 | -4/Warlord | Identified RU-N14's Throwing Claymores v3 23718 | -4/Warlord | Found RU-N14's Throwing Claymores v3 23721 | -4/Warlord | Found RU-N14's Throwing Claymores v3 23723 | -4/Warlord | Found RU-N14's Throwing Claymores v3 23738 | -4/Warlord | Found RU-N14's Throwing Claymores v3 23741 | -4/Warlord | Found RU-N14's Throwing Claymores v3 24031 | -4/Warlord | Visited the Vortex Lab 24038 | -4/Warlord | Warlord's base attacked by MAIN.C 24054 | -4/Warlord | Found Prototype Energy Cannon 24054 | -4/Warlord | Identified Vortex Driver 24059 | -4/Warlord | Found Vortex Driver 24063 | -4/Warlord | Found Vortex Driver 24068 | -4/Warlord | Found Vortex Driver 24278 | -4/Warlord | Build established: Commander-Assassin 24388 | -4/Warlord | Warlord forces counterattacked 24407 | -4/Warlord | Rebuked by Warlord 24428 | -4/Warlord | Opened Warlord's prototype stash 24443 | -4/Warlord | Found Prototype Device 24443 | -4/Warlord | Identified Thermal Barrier 24448 | -4/Warlord | Found Prototype Processor 24448 | -4/Warlord | Identified Spectral Analyzer 24486 | -4/Warlord | Found Prototype Reactor 24713 | -4/Warlord | Warlord base infiltrated, sounded retreat 24736 | -4/Warlord | Build established: Commander-Mutant 24778 | -4/Warlord | Spotted Striker 24778 | -4/Warlord | Allies destroyed Striker 24785 | -4/Warlord | Spotted B-90 Cyclops 24801 | -4/Warlord | Allies destroyed B-90 Cyclops 24811 | -4/Warlord | Found Prototype Launcher 24811 | -4/Warlord | Identified Chain Missile Launcher 24812 | -4/Warlord | Spotted Striker 24821 | -4/Warlord | Found Chain Missile Launcher 24833 | -4/Warlord | Spotted Striker 24838 | -4/Warlord | Allies destroyed Striker 24840 | -4/Warlord | Spotted Striker 24841 | -4/Warlord | Spotted Executioner 24861 | -4/Warlord | Spotted Striker 24870 | -4/Warlord | Allies destroyed Striker 24888 | -4/Warlord | Spotted B-90 Cyclops 24890 | -4/Warlord | Spotted Executioner 24897 | -4/Warlord | Spotted Executioner 24920 | -4/Warlord | Spotted Striker 24920 | -4/Warlord | Found Prototype Ballistic Cannon 24920 | -4/Warlord | Identified Hvy. Autocannon 24936 | -4/Warlord | Spotted Striker 24944 | -4/Warlord | Spotted Striker 24980 | -4/Warlord | Spotted Striker 24994 | -4/Warlord | Destroyed Striker 25009 | -4/Warlord | Lost 4 parts (1n2u1w) 25015 | -4/Warlord | Destroyed 15 combat bots 25036 | -4/Warlord | System corruption reached 10% 25048 | -4/Warlord | Spotted Striker 25052 | -4/Warlord | Destroyed Striker 25093 | -4/Warlord | Destroyed 10 combat bots 25101 | -4/Warlord | Discovered new exit (range 14) 25141 | -4/Warlord | Identified exit to Proximity Caves 25144 | -4/Warlord | Entered Proximity Caves 25336 | -3/Proximity Caves | Build established: Scavenger-Mutant 25346 | -3/Proximity Caves | Destroyed 7 combat bots 26139 | -3/Proximity Caves | Discovered new exit (range 19) 26186 | -3/Proximity Caves | Identified exit to Research 26189 | -3/Proximity Caves | Entered Research 26189 | -3/Research | Evolved 2 slots: Power x1, Propulsion x1 26190 | -3/Research | Loaded intel: 4 garrison access locations 26190 | -3/Research | Identified Vortex Chain Reactor 26245 | -3/Research | Zion Demo squad teleported in 26517 | -3/Research | Incoming assault squad redirected 26640 | -3/Research | Destroyed 9 combat bots 26906 | -3/Research | Zion Light squad teleported in 26939 | -3/Research | First assault squad dispatched 27024 | -3/Research | Found Prototype Protection 27024 | -3/Research | Identified Zio. Weapon Casing 27098 | -3/Research | Found Fusion Bomb Launcher 27253 | -3/Research | Found Prototype Device 27253 | -3/Research | Identified Exp. Thermal Shield 27342 | -3/Research | Zion dispatch access revoked 27413 | -3/Research | Terminal network hard line cut 27563 | -3/Research | Discovered new exit (range 12) 27592 | -3/Research | Identified exit to Quarantine 27604 | -3/Research | Found Prototype Device 27604 | -3/Research | Identified Exp. ECM Suite 27616 | -3/Research | Entered Quarantine 27651 | -3/Quarantine | Found Alien Artifact 27651 | -3/Quarantine | Identified Subatomic Replicator 27722 | -3/Quarantine | Incoming investigation squad redirected 27823 | -3/Quarantine | Incoming investigation squad redirected 27945 | -3/Quarantine | System corruption reached 10% 28008 | -3/Quarantine | Lost 8 parts (2n3u3w) 28346 | -3/Quarantine | Scanned by Researcher 28395 | -3/Quarantine | Cryocooling Duct disabled 28397 | -3/Quarantine | First assault squad dispatched 28410 | -3/Quarantine | Ambient heat levels rising (+20) 28410 | -3/Quarantine | Non-combat units ordered to evacuate 28427 | -3/Quarantine | Incoming assault squad redirected 28457 | -3/Quarantine | Destroyed 7 combat bots 28462 | -3/Quarantine | Lost 5 parts (3n1u1w) 28554 | -3/Quarantine | Spotted Alpha 7 28586 | -3/Quarantine | Destroyed Alpha 7 28632 | -3/Quarantine | Found Alien Launcher 28871 | -3/Quarantine | Retrieved Zion intel report: Active Terminals 28990 | -3/Quarantine | Found Alien Artifact 28990 | -3/Quarantine | Identified Core Reset Matrix 28990 | -3/Quarantine | Identified Sigix Terminator 28990 | -3/Quarantine | Used Core Reset Matrix 28994 | -3/Quarantine | Detected hypermatrix surge 28994 | -3/Quarantine | Sensed 4 artifacts in vicinity 29112 | -3/Quarantine | Found Core Cannon 29127 | -3/Quarantine | Terminal network hard line cut 29194 | -3/Quarantine | Found Prototype Processor 29194 | -3/Quarantine | Identified Exp. Melee Analysis Suite 29202 | -3/Quarantine | Discovered new exit (range 11) 29238 | -3/Quarantine | Found Terrabomb 29261 | -3/Quarantine | Found Terrabomb 29280 | -3/Quarantine | Found Terrabomb 29425 | -3/Quarantine | Destroyed 19 combat bots 29433 | -3/Quarantine | Lost 3 parts (1u2w) 29649 | -3/Quarantine | Fired Sigix Terminator 29668 | -3/Quarantine | Incoming assault squad redirected 29678 | -3/Quarantine | Incoming assault squad redirected 29699 | -3/Quarantine | High security lockdown imminent 29701 | -3/Quarantine | Core integrity fell below 50% 29728 | -3/Quarantine | Destroyed 8 combat bots 29731 | -3/Quarantine | Spotted Fortress 29734 | -3/Quarantine | Lost 4 parts (1n2u1w) 29779 | -3/Quarantine | High security lockdown engaged 29868 | -3/Quarantine | Discovered new exit (range 6) 29877 | -3/Quarantine | Entered Section 7 29878 | -3/Section 7 | Sensed 19 artifacts in vicinity 29899 | -3/Section 7 | Found Integrated Mediator 29899 | -3/Section 7 | Installed Integrated Mediator, increased core attachment efficiency. 29958 | -3/Section 7 | Build established: Alien-Mutant 29968 | -3/Section 7 | Found Integrated Mediator 29968 | -3/Section 7 | Installed Integrated Mediator, increased core attachment efficiency. 30064 | -3/Section 7 | Retrieved Zion intel report: Prototype Schematics 30102 | -3/Section 7 | Used Terrabomb 30127 | -3/Section 7 | First assault squad dispatched 30148 | -3/Section 7 | Incoming assault squad redirected 30172 | -3/Section 7 | Lost 5 parts (1p1n2u1w) 30221 | -3/Section 7 | Found Integrity Redistributor 30259 | -3/Section 7 | Crushed by falling debris 30260 | -3/Section 7 | System corruption reached 30% 30290 | -3/Section 7 | Lost 4 parts (1p2u1w) 30312 | -3/Section 7 | Retrieved Zion intel report: Guard Positions 30365 | -3/Section 7 | Found Spacefold Activator 30368 | -3/Section 7 | Core integrity fell below 20% 30399 | -3/Section 7 | Self-destructed Last Messages --------------- 30378_ G-73 Enforcer unfolds itself. 30378_ B-74 Champion unfolds itself. 30378_ G-67 Veteran unfolds itself. 30378_ I-47 Archangel unfolds itself. 30381_ Spacefolded through Cloning Tubes. 30381_ C-30 ARC bursts open, deploying its payload. 30381_ G-73 Enforcer unfolds itself. 30381_ L-61 Swordsman unfolds itself. 30381_ G-67 Veteran unfolds itself. 30381_ B-74 Champion unfolds itself. 30381_ E-15 Imp unfolds itself. 30381_ Huge Storage Unit destroyed. 30382_ Spacefolded through Cloning Tubes. 30384_ C-55 Analyst calibrates the Cloning Tubes. 30385_ Spacefolded through Wall. 30391_ System corrupted: Matter fused (-10). 30391_ Centrium Medium Armor Plating blown off. 30391_ E-15 Imp destroyed. 30397_ Spacefolded through Sealed Heavy Doors. Sealed Heavy Doors opened remotely. Map ----- +----------------------------------------------------+ | | | | | | | | | | | | | | | | | | | | | ?????????????????????????????????????????????????? | | ?????????????????????????????????????????????????? | | ?????????????????????????????????????????????????? | | ?????????????????????????????????????????????????? | | ?????????????????????????????????????????????????? | | ?????????????????????????????????????????????????? | | ??????????????##?????????????????????????????????? | | ?????????????? #?????????????????????????????????? | | ?????????????? #?????????????????????????????????? | | ####+#########"#?????????????????????????????????? | | "%#???????################??????????? | | ]]! "#???????#"""""""""" ?????????? | | !!!| #???????#" ?????????? | | " """""!""""" #???????#" ????????? | | " """"" """"" #?????###" ????????? | | " """"" """"" #######T# @ ????????? | | ! ????????? | | g=%l ????????? | | ################/####### ?????????? | | #???????????# #???#" ?????????? | | #???????????# #????" ??????????? | | #???????????# #????" " ??????????? | | #???????????# #????" """ ??????????? | | #???????????# #????" ?? ???????????? | | #???????????# #????? "?????????????? | | #???????????# ! #????? ????????????? | | #???????????#######????? """""????????????? | | #??????????????????????? "????????????????? | | ##??????????????????????? "????????????????? | | #???????????????????????? ?????????????????? | | #???????????????????????? ????????????????????? | | ?????????????????????????????????????????????????? | | ?????????????????????????????????????????????????? | | ?????????????????????????????????????????????????? | | ?????????????????????????????????????????????????? | | ?????????????????????????????????????????????????? | | ?????????????????????????????????????????????????? | | ?????????????????????????????????????????????????? | | ?????????????????????????????????????????????????? | | ?????????????????????????????????????????????????? | +----------------------------------------------------+ Best States ------------- Heat Dissipation 77 Coolant Potential 220 Energy Generation 55 Energy Capacity 1660 Matter Stores 300 Matter Capacity 300 Sight Range 24 Robot Scan Range 18 Terrain Scan Range 16 Terrain Scan Density 210 ECM Strength 3 Jamming Range 14 EM Shielding 3 Corruption Containment 8 Armor Coverage 1200 Resistance: TH 30 Power Shielding 66 Utility Shielding 66 Weapon Shielding 100 Point Defense Rating 160 Weapon Cycling 20 Evasion (%) 51 Targeting Accuracy 24 Melee Accuracy 8 Core Analysis 6 Armor Integrity Analysis 30 Recoil Reduction 5 Salvage Targeting 3 Offensive Hacking 20 Authchip Count 1 Item Schematics ----------------- Exp. ECM Suite | -3/Section 7 | Archive Stealth Drone Bay | -3/Section 7 | Archive Electron Diverter | -3/Section 7 | Archive Imp. KE Penetrator | -3/Section 7 | Archive Adv. KE Penetrator | -3/Section 7 | Archive Exp. Focal Shield | -3/Section 7 | Archive Prc. Energy Filter | -3/Section 7 | Z-intel Thunder Hammer | -3/Section 7 | Z-intel Hvy. Gatling Laser | -3/Section 7 | Z-intel Adv. Micro-nuke Launcher | -3/Section 7 | Z-intel Cld. Plasma Rifle | -3/Section 7 | Z-intel Exp. Energy Well | -3/Section 7 | Z-intel Com. Tesla Bomb Launcher | -3/Section 7 | Z-intel Lgt. Neutrino Core | -3/Section 7 | Z-intel Adv. Matter Compressor | -3/Section 7 | Z-intel Exp. Utility Shielding | -3/Section 7 | Z-intel Spectral Analyzer | -3/Section 7 | Z-intel Exp. Field Recycling Unit | -3/Section 7 | Z-intel Robot Schematics ------------------ None Fabricated ------------ Hvy. Treads | x2 | -6/Factory Hvy. Treads | x2 | -5/Factory | Authchip Alien Tech Used ----------------- Integrated Dissipator Subatomic Replicator Core Reset Matrix Core Cannon Sigix Terminator Integrated Mediator Terrabomb Spacefold Activator Achievements -------------- Equal Opportunity Bot Challenges ------------ None Game ------ Seed NavigationBarrageClaws Manual? 0 Play Time 04:07:43 Cumulative 369.0 hours Start 2023.03.31 @ 15:15:06 End 2023.04.01 @ 00:13:45 Sessions 5 Manual Loads 0 Difficulty Rogue Special Mode None Game No. 411 Rogue 411 Adventurer 0 Explorer 0 Win Type - Total 11 Types 8/0/2/1/0/0/0/0/0 Lore% 81 Gallery% 89 Achievement% 79 Wizard Run 0 Options --------- ASCII 0 Keyboard 0 Movement Numpad Keybinds 0 Fullscreen 1 Font 18/Terminus Map View 76x50 Tactical HUD 1 Map Filters NONE Filters NONE Steam 1 RUN: 6faaa27e-011d-4c01-a8f2-081a7dc4327c